Workbook

Sheet Upgrades
D2: =data!B2 -> AEP
D3: Run Date: 6/12/2025
A5: TOID | B5: Revised TOID | C5: Upgrade ID | D5: Description | E5: Driver | F5: Deactivation Study | G5: PJM Required In Service Date | H5: Revised PJM In Service Date | I5: TO Projected In Service Date | J5: Revised TO Projected In Service Date | K5: Actual In Service Date | L5: Status Code | M5: Revised Status Code | N5: % Comp | O5: Revised % Comp | P5: Cost Est (Millions) | Q5: Revised Cost Est (Millions) | R5: TEAC Cost (Millions) | S5: TEAC Date | T5: TO Project Manager | U5: TO Project Manager | V5: e Dart Ticket No | W5: ImpactsTie | Y5: TO Notes
A6: =IF(data!C2="","",data!C2) -> P15082C28 | C6: =IF(data!D2="","",data!D2) -> b2597 | D6: =IF(data!E2="","",data!E2) -> Rebuild approximately 1 mi. section of Dragoon-Virgil Street 34.5 kV line between Dragoon and Dodge Tap switch and replace Dodge switch MOAB to increase thermal capability of Dragoon-Dodge Tap branch | E6: =IF(data!F2="","",data!F2) -> TO Criteria Violation | F6: =IF(data!G2="","",data!G2) | G6: =IF(data!H2="","",data!H2) -> 43617 | H6: =IF(data!I2="","",data!I2) | I6: =IF(data!J2="","",data!J2) -> 46374 | J6: 46458 | L6: =IF(data!L2="","",data!L2) -> EP | N6: =IF(data!M2="","",IF(data!M2>=1,data!M2,data!M2*100)) -> 50 | P6: =IF(data!N2="","",data!N2) -> 2.15 | R6: =IF(data!O2="","",data!O2) -> 2.154 | S6: =IF(data!P2="","",data!P2) -> 42011 | T6: =IF(data!Q2="","",data!Q2) -> Pm Cliff Vaughn/ Planner Joshua Smith | W6: =IF(data!S2="","",data!S2) -> FALSE
A7: =IF(data!C3="","",data!C3) -> P15082C10, P15082C05, P15082C07 | C7: =IF(data!D3="","",data!D3) -> b2598 | D7: =IF(data!E3="","",data!E3) -> Rebuild approximately 1 mile section of the Kline-Virgil Street 34.5 kV line between Kline and Virgil Street tap. Replace MOAB switches at Beiger, risers at Kline, switches and bus at Virgil Street. | E7: =IF(data!F3="","",data!F3) -> TO Criteria Violation | F7: =IF(data!G3="","",data!G3) | G7: =IF(data!H3="","",data!H3) -> 43617 | H7: =IF(data!I3="","",data!I3) | I7: =IF(data!J3="","",data!J3) -> 46220 | L7: =IF(data!L3="","",data!L3) -> EP | N7: =IF(data!M3="","",IF(data!M3>=1,data!M3,data!M3*100)) -> 50 | P7: =IF(data!N3="","",data!N3) -> 1.69 | R7: =IF(data!O3="","",data!O3) -> 1.689 | S7: =IF(data!P3="","",data!P3) -> 42011 | T7: =IF(data!Q3="","",data!Q3) -> Pm Cliff Vaughn/ Planner Joshua Smith | W7: =IF(data!S3="","",data!S3) -> FALSE
A8: =IF(data!C4="","",data!C4) -> P15095006 | C8: =IF(data!D4="","",data!D4) -> b2604.1 | D8: =IF(data!E4="","",data!E4) -> Remove approximately 11.32 miles of the 69 kV line between Millbrook Park and Franklin Furnace. | E8: =IF(data!F4="","",data!F4) -> TO Criteria Violation | F8: =IF(data!G4="","",data!G4) | G8: =IF(data!H4="","",data!H4) -> 43617 | H8: =IF(data!I4="","",data!I4) | I8: =IF(data!J4="","",data!J4) -> 46700 | L8: =IF(data!L4="","",data!L4) -> EP | N8: =IF(data!M4="","",IF(data!M4>=1,data!M4,data!M4*100)) -> 50 | P8: =IF(data!N4="","",data!N4) -> 1.13 | R8: =IF(data!O4="","",data!O4) -> 1.13 | S8: =IF(data!P4="","",data!P4) -> 44244 | T8: =IF(data!Q4="","",data!Q4) -> PM Oliver Duncan/Planner Christian Mitchell-Flores | W8: =IF(data!S4="","",data!S4) -> FALSE
A9: =IF(data!C5="","",data!C5) -> P15095017 | C9: =IF(data!D5="","",data!D5) -> b2604.2 | D9: =IF(data!E5="","",data!E5) -> At Millbrook Park station, add a new 138/69 kV transformer #2 (90 MVA) with 3000 A 40 kA breakers on the high and low side. Replace the 600 A MOAB Switch and add a 3000 A circuit switcher on the high side of transformer #1. | E9: =IF(data!F5="","",data!F5) -> TO Criteria Violation | F9: =IF(data!G5="","",data!G5) | G9: =IF(data!H5="","",data!H5) -> 43617 | H9: =IF(data!I5="","",data!I5) | I9: 46881 | L9: =IF(data!L5="","",data!L5) -> EP | N9: =IF(data!M5="","",IF(data!M5>=1,data!M5,data!M5*100)) -> 0 | O9: 50 | P9: =IF(data!N5="","",data!N5) -> 3.05 | R9: =IF(data!O5="","",data!O5) -> 3.05 | S9: =IF(data!P5="","",data!P5) -> 44244 | T9: =IF(data!Q5="","",data!Q5) -> PM Oliver Duncan/Planner Christian Mitchell-Flores | W9: =IF(data!S5="","",data!S5) -> FALSE
A10: =IF(data!C6="","",data!C6) -> P15095020 | C10: =IF(data!D6="","",data!D6) -> b2604.3 | D10: =IF(data!E6="","",data!E6) -> Replace Sciotoville 69 kV station with a new 138/12 kV in-out station (Cottrell) with 2000A line MOABs facing Millbrook Park and East Wheelersburg 138 kV. | E10: =IF(data!F6="","",data!F6) -> TO Criteria Violation | F10: =IF(data!G6="","",data!G6) | G10: =IF(data!H6="","",data!H6) -> 43617 | H10: =IF(data!I6="","",data!I6) | I10: =IF(data!J6="","",data!J6) -> 46667 | L10: =IF(data!L6="","",data!L6) -> EP | N10: =IF(data!M6="","",IF(data!M6>=1,data!M6,data!M6*100)) -> 0 | O10: 75 | P10: =IF(data!N6="","",data!N6) -> 1.4 | R10: =IF(data!O6="","",data!O6) -> 1.4 | S10: =IF(data!P6="","",data!P6) -> 44244 | T10: =IF(data!Q6="","",data!Q6) -> PM Oliver Duncan/Planner Christian Mitchell-Flores | W10: =IF(data!S6="","",data!S6) -> FALSE
A11: =IF(data!C7="","",data!C7) -> P15095022 | C11: =IF(data!D7="","",data!D7) -> b2604.4 | D11: =IF(data!E7="","",data!E7) -> Tie Cottrell switch into the Millbrook Park-East Wheelersburg 138 kV circuit by constructing 0.50 miles of line using 795 ACSR 26/7 Drake (SE 359 MVA). | E11: =IF(data!F7="","",data!F7) -> TO Criteria Violation | F11: =IF(data!G7="","",data!G7) | G11: =IF(data!H7="","",data!H7) -> 43617 | H11: =IF(data!I7="","",data!I7) | I11: =IF(data!J7="","",data!J7) -> 46667 | L11: =IF(data!L7="","",data!L7) -> EP | N11: =IF(data!M7="","",IF(data!M7>=1,data!M7,data!M7*100)) -> 0 | O11: 75 | P11: =IF(data!N7="","",data!N7) -> 1.96 | R11: =IF(data!O7="","",data!O7) -> 1.96 | S11: =IF(data!P7="","",data!P7) -> 44244 | T11: =IF(data!Q7="","",data!Q7) -> PM Oliver Duncan/Planner Christian Mitchell-Flores | W11: =IF(data!S7="","",data!S7) -> FALSE
A12: =IF(data!C8="","",data!C8) -> P15095028 | C12: =IF(data!D8="","",data!D8) -> b2604.5 | D12: =IF(data!E8="","",data!E8) -> Install a new 2000 A 3-way POP Switch outside of Texas Eastern 138 kV substation (Sadiq Switch). | E12: =IF(data!F8="","",data!F8) -> TO Criteria Violation | F12: =IF(data!G8="","",data!G8) | G12: =IF(data!H8="","",data!H8) -> 43617 | H12: =IF(data!I8="","",data!I8) | I12: =IF(data!J8="","",data!J8) -> 46687 | L12: =IF(data!L8="","",data!L8) -> EP | N12: =IF(data!M8="","",IF(data!M8>=1,data!M8,data!M8*100)) -> 0 | O12: 50 | P12: =IF(data!N8="","",data!N8) -> 1.08 | R12: =IF(data!O8="","",data!O8) -> 1.08 | S12: =IF(data!P8="","",data!P8) -> 44244 | T12: =IF(data!Q8="","",data!Q8) -> PM Oliver Duncan/Planner Christian Mitchell-Flores | W12: =IF(data!S8="","",data!S8) -> FALSE
A13: =IF(data!C9="","",data!C9) -> P15095027 | C13: =IF(data!D9="","",data!D9) -> b2604.6 | D13: =IF(data!E9="","",data!E9) -> Replace the Wheelersburg 69 kV station with a new 138/12 kV in-out station (Sweetgum) with a 3000 A 40 kA breaker facing Sadiq Switch and a 2000 A 138 kV MOAB facing Althea. | E13: =IF(data!F9="","",data!F9) -> TO Criteria Violation | F13: =IF(data!G9="","",data!G9) | G13: =IF(data!H9="","",data!H9) -> 43617 | H13: =IF(data!I9="","",data!I9) | I13: =IF(data!J9="","",data!J9) -> 46730 | L13: =IF(data!L9="","",data!L9) -> EP | N13: =IF(data!M9="","",IF(data!M9>=1,data!M9,data!M9*100)) -> 0 | O13: 50 | P13: =IF(data!N9="","",data!N9) -> 2.16 | R13: =IF(data!O9="","",data!O9) -> 2.16 | S13: =IF(data!P9="","",data!P9) -> 44244 | T13: =IF(data!Q9="","",data!Q9) -> PM Oliver Duncan/Planner Christian Mitchell-Flores | W13: =IF(data!S9="","",data!S9) -> FALSE
A14: =IF(data!C10="","",data!C10) -> P15095032 | C14: =IF(data!D10="","",data!D10) -> b2604.7 | D14: =IF(data!E10="","",data!E10) -> Build approximately 1.4 miles of new 138 kV line using 795 ACSR 26/7 Drake (SE 359 MVA) between the new Sadiq Switch and the new Sweetgum 138 kV stations. | E14: =IF(data!F10="","",data!F10) -> TO Criteria Violation | F14: =IF(data!G10="","",data!G10) | G14: =IF(data!H10="","",data!H10) -> 43617 | H14: =IF(data!I10="","",data!I10) | I14: =IF(data!J10="","",data!J10) -> 46728 | L14: =IF(data!L10="","",data!L10) -> EP | N14: =IF(data!M10="","",IF(data!M10>=1,data!M10,data!M10*100)) -> 0 | O14: 50 | P14: =IF(data!N10="","",data!N10) -> 3.41 | R14: =IF(data!O10="","",data!O10) -> 3.41 | S14: =IF(data!P10="","",data!P10) -> 44244 | T14: =IF(data!Q10="","",data!Q10) -> PM Oliver Duncan/Planner Christian Mitchell-Flores | W14: =IF(data!S10="","",data!S10) -> FALSE
A15: =IF(data!C11="","",data!C11) -> P15095007 | C15: =IF(data!D11="","",data!D11) -> b2604.8 | D15: =IF(data!E11="","",data!E11) -> Remove the existing 69 kV Hayport Road Switch. | E15: =IF(data!F11="","",data!F11) -> TO Criteria Violation | F15: =IF(data!G11="","",data!G11) | G15: =IF(data!H11="","",data!H11) -> 43617 | H15: =IF(data!I11="","",data!I11) | I15: =IF(data!J11="","",data!J11) -> 46700 | L15: =IF(data!L11="","",data!L11) -> EP | N15: =IF(data!M11="","",IF(data!M11>=1,data!M11,data!M11*100)) -> 0 | O15: 50 | P15: =IF(data!N11="","",data!N11) -> 0.1 | R15: =IF(data!O11="","",data!O11) -> 0.1 | S15: =IF(data!P11="","",data!P11) -> 44244 | T15: =IF(data!Q11="","",data!Q11) -> PM Oliver Duncan/Planner Christian Mitchell-Flores | W15: =IF(data!S11="","",data!S11) -> FALSE
A16: =IF(data!C12="","",data!C12) -> P15095015 | C16: =IF(data!D12="","",data!D12) -> b2604.9 | D16: =IF(data!E12="","",data!E12) -> Rebuild approximately 2.3 miles along existing ROW from Sweetgum to the Hayport Rd switch 69 kV location as 138 kV single circuit and rebuild approximately 2.0 miles from the Hayport Road switch to Althea 69 kV with double circuit 138 kV construction, one side operated at 69 kV to continue service to K.O. Wheelersburg, using 795 ACSR 26/7 Drake (SE 359 MVA). | E16: =IF(data!F12="","",data!F12) -> TO Criteria Violation | F16: =IF(data!G12="","",data!G12) | G16: =IF(data!H12="","",data!H12) -> 43617 | H16: =IF(data!I12="","",data!I12) | I16: =IF(data!J12="","",data!J12) -> 46700 | J16: 46906 | L16: =IF(data!L12="","",data!L12) -> EP | N16: =IF(data!M12="","",IF(data!M12>=1,data!M12,data!M12*100)) -> 0 | O16: 50 | P16: =IF(data!N12="","",data!N12) -> 10.76 | R16: =IF(data!O12="","",data!O12) -> 10.76 | S16: =IF(data!P12="","",data!P12) -> 44244 | T16: =IF(data!Q12="","",data!Q12) -> PM Oliver Duncan/Planner Christian Mitchell-Flores | W16: =IF(data!S12="","",data!S12) -> FALSE
A17: =IF(data!C13="","",data!C13) -> P15095015 | C17: =IF(data!D13="","",data!D13) -> b2604.10 | D17: =IF(data!E13="","",data!E13) -> Build a new station (Althea) with a 138/69 kV, 90 MVA transformer. The 138 kV side will have a single 2000 A 40 kA circuit breaker and the 69 kV side will be a 2000 A 40 kA three breaker ring bus. | E17: =IF(data!F13="","",data!F13) -> TO Criteria Violation | F17: =IF(data!G13="","",data!G13) | G17: =IF(data!H13="","",data!H13) -> 43617 | H17: =IF(data!I13="","",data!I13) | I17: =IF(data!J13="","",data!J13) -> 46700 | J17: 46906 | L17: =IF(data!L13="","",data!L13) -> EP | N17: =IF(data!M13="","",IF(data!M13>=1,data!M13,data!M13*100)) -> 0 | O17: 50 | P17: =IF(data!N13="","",data!N13) -> 11.07 | R17: =IF(data!O13="","",data!O13) -> 11.07 | S17: =IF(data!P13="","",data!P13) -> 44244 | T17: =IF(data!Q13="","",data!Q13) -> PM Oliver Duncan/Planner Christian Mitchell-Flores | W17: =IF(data!S13="","",data!S13) -> FALSE
A18: =IF(data!C14="","",data!C14) -> P15095060 | C18: =IF(data!D14="","",data!D14) -> b2604.11 | D18: =IF(data!E14="","",data!E14) -> Remote end work at Hanging Rock, East Wheelersburg and North Haverhill 138 kV. | E18: =IF(data!F14="","",data!F14) -> TO Criteria Violation | F18: =IF(data!G14="","",data!G14) | G18: =IF(data!H14="","",data!H14) -> 43617 | H18: =IF(data!I14="","",data!I14) | I18: =IF(data!J14="","",data!J14) -> 46700 | J18: 46906 | L18: =IF(data!L14="","",data!L14) -> EP | N18: =IF(data!M14="","",IF(data!M14>=1,data!M14,data!M14*100)) -> 0 | O18: 50 | P18: =IF(data!N14="","",data!N14) -> 0.06 | R18: =IF(data!O14="","",data!O14) -> 0.06 | S18: =IF(data!P14="","",data!P14) -> 44244 | T18: =IF(data!Q14="","",data!Q14) -> PM Oliver Duncan/Planner Christian Mitchell-Flores | W18: =IF(data!S14="","",data!S14) -> FALSE
A19: =IF(data!C15="","",data!C15) -> P16108002 | C19: =IF(data!D15="","",data!D15) -> b2753.7 | D19: =IF(data!E15="","",data!E15) -> Retire line sections (Dilles Bottom - Bellaire and Moundsville - Dilles Bottom 69 kV lines) south of First Energy 138 kV line corridor, near “Point A”. Tie George Washington - Moundsville 69 kV circuit to George Washington - West Bellaire 69 kV circuit. | E19: =IF(data!F15="","",data!F15) -> Baseline Load Growth Deliverability & Reliability | F19: =IF(data!G15="","",data!G15) | G19: =IF(data!H15="","",data!H15) -> 43982 | H19: =IF(data!I15="","",data!I15) | I19: =IF(data!J15="","",data!J15) -> 46671 | L19: =IF(data!L15="","",data!L15) -> EP | N19: =IF(data!M15="","",IF(data!M15>=1,data!M15,data!M15*100)) -> 50 | P19: =IF(data!N15="","",data!N15) -> 5.52 | R19: =IF(data!O15="","",data!O15) -> 5.52 | S19: =IF(data!P15="","",data!P15) -> 42937 | T19: =IF(data!Q15="","",data!Q15) -> PM Jon Starr/ Planner Christian Mitchell-Flores | W19: =IF(data!S15="","",data!S15) -> TRUE
A20: =IF(data!C16="","",data!C16) -> P24071001 | C20: =IF(data!D16="","",data!D16) -> b2760 | D20: =IF(data!E16="","",data!E16) -> Perform a Sag Study of the Saltville - Tazewell 138 kV line to increase the thermal rating of the line | E20: =IF(data!F16="","",data!F16) -> Baseline Load Growth Deliverability & Reliability | F20: =IF(data!G16="","",data!G16) | G20: =IF(data!H16="","",data!H16) -> 44348 | H20: =IF(data!I16="","",data!I16) | I20: =IF(data!J16="","",data!J16) -> 45717 | L20: =IF(data!L16="","",data!L16) -> EP | N20: =IF(data!M16="","",IF(data!M16>=1,data!M16,data!M16*100)) -> 5 | P20: =IF(data!N16="","",data!N16) -> 0.1 | R20: =IF(data!O16="","",data!O16) -> 0.1 | S20: =IF(data!P16="","",data!P16) -> 42649 | T20: =IF(data!Q16="","",data!Q16) -> PM Blair Burns / Bobby Valerio | W20: =IF(data!S16="","",data!S16) -> FALSE
A21: =IF(data!C17="","",data!C17) -> P21009002 | C21: =IF(data!D17="","",data!D17) -> b2793 | D21: =IF(data!E17="","",data!E17) -> Energize the spare Fremont Center 138/69 kV 130 MVA transformer #3. Reduces overloaded facilities to 46% loading. | E21: =IF(data!F17="","",data!F17) -> TO Criteria Violation | F21: =IF(data!G17="","",data!G17) | G21: =IF(data!H17="","",data!H17) -> 44348 | H21: =IF(data!I17="","",data!I17) | I21: =IF(data!J17="","",data!J17) -> 46370 | L21: =IF(data!L17="","",data!L17) -> UC | N21: =IF(data!M17="","",IF(data!M17>=1,data!M17,data!M17*100)) -> 26 | P21: =IF(data!N17="","",data!N17) -> 1.3 | R21: =IF(data!O17="","",data!O17) -> 0.081 | S21: =IF(data!P17="","",data!P17) -> 42886 | T21: =IF(data!Q17="","",data!Q17) -> PM Colton Caldwell/Brendan Fuller | W21: =IF(data!S17="","",data!S17) -> FALSE
A22: =IF(data!C18="","",data!C18) -> P19004001 | C22: =IF(data!D18="","",data!D18) -> b2938 | D22: =IF(data!E18="","",data!E18) -> Perform a sag mitigations on the Broadford – Wolf Hills 138kV circuit to allow the line to operate to a higher maximum temperature. | E22: =IF(data!F18="","",data!F18) -> Generator Deactivation | F22: =IF(data!G18="","",data!G18) -> BEAVER VALLEY 1|BEAVER VALLEY 2|DAVIS BESSE 1|PERRY 1 | G22: =IF(data!H18="","",data!H18) -> 44713 | H22: =IF(data!I18="","",data!I18) -> 44348 | I22: =IF(data!J18="","",data!J18) -> 46931 | L22: =IF(data!L18="","",data!L18) -> EP | N22: =IF(data!M18="","",IF(data!M18>=1,data!M18,data!M18*100)) -> 15 | P22: =IF(data!N18="","",data!N18) -> 2.6 | R22: =IF(data!O18="","",data!O18) -> 2.6 | S22: =IF(data!P18="","",data!P18) -> 43258 | T22: =IF(data!Q18="","",data!Q18) -> PM Blair Burns Planner Robert Vaalerio | W22: =IF(data!S18="","",data!S18) -> FALSE
A23: =IF(data!C19="","",data!C19) -> P19269001 | C23: =IF(data!D19="","",data!D19) -> b3037 | D23: =IF(data!E19="","",data!E19) -> Upgrades at the Natrium substation | E23: =IF(data!F19="","",data!F19) -> Baseline Load Growth Deliverability & Reliability | F23: =IF(data!G19="","",data!G19) | G23: =IF(data!H19="","",data!H19) -> 45078 | H23: =IF(data!I19="","",data!I19) | I23: =IF(data!J19="","",data!J19) -> 45810 | L23: =IF(data!L19="","",data!L19) -> EP | N23: =IF(data!M19="","",IF(data!M19>=1,data!M19,data!M19*100)) -> 15 | P23: =IF(data!N19="","",data!N19) -> 1.1 | R23: =IF(data!O19="","",data!O19) -> 1.1 | S23: =IF(data!P19="","",data!P19) -> 43371 | T23: =IF(data!Q19="","",data!Q19) -> PM Wayne Cooper/Planner Christian Mitchell-Flores | W23: =IF(data!S19="","",data!S19) -> FALSE
A24: =IF(data!C20="","",data!C20) -> P21036002 | C24: =IF(data!D20="","",data!D20) -> b3085 | D24: =IF(data!E20="","",data!E20) -> Reconductor Kammer - George Washington 138 kV line (~0.08 miles). Replace the wave trap at Kammer 138 kV. | E24: =IF(data!F20="","",data!F20) -> Generator Deactivation | F24: =IF(data!G20="","",data!G20) -> MANSFIELD 1|MANSFIELD 2|MANSFIELD 3|SAMMIS DIESEL|SAMMIS 6|SAMMIS 7|SAMMIS 5|KIMBERLY CLARK|EASTLAKE 6 | G24: =IF(data!H20="","",data!H20) -> 44713 | H24: =IF(data!I20="","",data!I20) -> 44713 | I24: =IF(data!J20="","",data!J20) -> 45810 | L24: =IF(data!L20="","",data!L20) -> UC | N24: =IF(data!M20="","",IF(data!M20>=1,data!M20,data!M20*100)) -> 75 | P24: =IF(data!N20="","",data!N20) -> 0.5 | R24: =IF(data!O20="","",data!O20) -> 0.5 | S24: =IF(data!P20="","",data!P20) -> 44019 | T24: =IF(data!Q20="","",data!Q20) -> PM Andrew Garlick/Planner Christian Mitchell-Flores | W24: =IF(data!S20="","",data!S20) -> FALSE
A25: =IF(data!C21="","",data!C21) -> P19052004 | C25: =IF(data!D21="","",data!D21) -> b3150 | D25: =IF(data!E21="","",data!E21) -> Rebuild Ferguson 69/12 kV station in the clear as the 138/12 kV Bear station and connect it to a ~1 mile double circuit 138 kV extension from the Aviation – Ellison Rd 138 kV line to remove the load from the 69 kV line. | E25: =IF(data!F21="","",data!F21) -> TO Criteria Violation | F25: =IF(data!G21="","",data!G21) | G25: =IF(data!H21="","",data!H21) -> 45444 | H25: =IF(data!I21="","",data!I21) | I25: =IF(data!J21="","",data!J21) -> 46736 | L25: =IF(data!L21="","",data!L21) -> EP | N25: =IF(data!M21="","",IF(data!M21>=1,data!M21,data!M21*100)) -> 25 | P25: =IF(data!N21="","",data!N21) -> 6.4 | R25: =IF(data!O21="","",data!O21) -> 6.4 | S25: =IF(data!P21="","",data!P21) -> 43817 | T25: =IF(data!Q21="","",data!Q21) -> PM Katherine Vecchiarelli/Planner Valerie Watros | W25: =IF(data!S21="","",data!S21) -> FALSE
A26: =IF(data!C22="","",data!C22) -> P16024021 | C26: =IF(data!D22="","",data!D22) -> b3151.7 | D26: =IF(data!E22="","",data!E22) -> Install a 69 kV Bobay switch at Woodland Station. | E26: =IF(data!F22="","",data!F22) -> TO Criteria Violation | F26: =IF(data!G22="","",data!G22) | G26: =IF(data!H22="","",data!H22) -> 45444 | H26: =IF(data!I22="","",data!I22) | I26: =IF(data!J22="","",data!J22) -> 45918 | L26: =IF(data!L22="","",data!L22) -> UC | N26: =IF(data!M22="","",IF(data!M22>=1,data!M22,data!M22*100)) -> 75 | P26: =IF(data!N22="","",data!N22) -> 0.6 | R26: =IF(data!O22="","",data!O22) -> 0.6 | S26: =IF(data!P22="","",data!P22) -> 43817 | T26: =IF(data!Q22="","",data!Q22) -> PM Katherine Vecchiarelli/Planner Valerie Watros | W26: =IF(data!S22="","",data!S22) -> FALSE
A27: =IF(data!C23="","",data!C23) -> p16024029 | C27: =IF(data!D23="","",data!D23) -> b3151.8 | D27: =IF(data!E23="","",data!E23) -> Replace Carroll and Churubusco 34.5 kV stations with the 69 kV Snapper station. Snapper will have two (2) line circuit breakers, one (1) bus tie circuit breaker and a 14.4 MVAR cap bank | E27: =IF(data!F23="","",data!F23) -> TO Criteria Violation | F27: =IF(data!G23="","",data!G23) | G27: =IF(data!H23="","",data!H23) -> 45444 | H27: =IF(data!I23="","",data!I23) | I27: =IF(data!J23="","",data!J23) -> 45818 | L27: =IF(data!L23="","",data!L23) -> UC | N27: =IF(data!M23="","",IF(data!M23>=1,data!M23,data!M23*100)) -> 75 | P27: =IF(data!N23="","",data!N23) -> 8.7 | R27: =IF(data!O23="","",data!O23) -> 8.7 | S27: =IF(data!P23="","",data!P23) -> 43817 | T27: =IF(data!Q23="","",data!Q23) -> PM Katherine Vecchiarelli/Planner Valerie Watros | W27: =IF(data!S23="","",data!S23) -> FALSE
A28: =IF(data!C24="","",data!C24) -> P16024031 | C28: =IF(data!D24="","",data!D24) -> b3151.9 | D28: =IF(data!E24="","",data!E24) -> Remove 34.5 kV circuit breaker "AD" at Wallen station. | E28: =IF(data!F24="","",data!F24) -> TO Criteria Violation | F28: =IF(data!G24="","",data!G24) | G28: =IF(data!H24="","",data!H24) -> 45444 | H28: =IF(data!I24="","",data!I24) | I28: =IF(data!J24="","",data!J24) -> 45918 | L28: =IF(data!L24="","",data!L24) -> EP | N28: =IF(data!M24="","",IF(data!M24>=1,data!M24,data!M24*100)) -> 25 | P28: =IF(data!N24="","",data!N24) -> 0.3 | R28: =IF(data!O24="","",data!O24) -> 0.3 | S28: =IF(data!P24="","",data!P24) -> 43817 | T28: =IF(data!Q24="","",data!Q24) -> PM Katherine Vecchiarelli/Planner Valerie Watros | W28: =IF(data!S24="","",data!S24) -> FALSE
A29: =IF(data!C25="","",data!C25) -> P19096013 | C29: =IF(data!D25="","",data!D25) -> b3151.15 | D29: =IF(data!E25="","",data!E25) -> Rebuild the 0.6 mile double circuit section of the Rob Park – South Hicksville / Rob Park – Diebold Road as 69 kV | E29: =IF(data!F25="","",data!F25) -> TO Criteria Violation | F29: =IF(data!G25="","",data!G25) | G29: =IF(data!H25="","",data!H25) -> 45444 | H29: =IF(data!I25="","",data!I25) | I29: =IF(data!J25="","",data!J25) -> 46415 | L29: =IF(data!L25="","",data!L25) -> EP | N29: =IF(data!M25="","",IF(data!M25>=1,data!M25,data!M25*100)) -> 25 | P29: =IF(data!N25="","",data!N25) -> 1 | R29: =IF(data!O25="","",data!O25) -> 1 | S29: =IF(data!P25="","",data!P25) -> 43817 | T29: =IF(data!Q25="","",data!Q25) -> PM Katherine Vecchiarelli/Planner Valerie Watros | W29: =IF(data!S25="","",data!S25) -> FALSE
A30: =IF(data!C26="","",data!C26) -> P19297001 | C30: =IF(data!D26="","",data!D26) -> b3160.1 | D30: =IF(data!E26="","",data!E26) -> Construct a ~2.4 mile double circuit 138 kV extension using 1033 ACSR to connect Lake Head to the 138 kV network. | E30: =IF(data!F26="","",data!F26) -> TO Criteria Violation | F30: =IF(data!G26="","",data!G26) | G30: =IF(data!H26="","",data!H26) -> 45444 | H30: =IF(data!I26="","",data!I26) | I30: =IF(data!J26="","",data!J26) -> 45933 | L30: =IF(data!L26="","",data!L26) -> UC | N30: =IF(data!M26="","",IF(data!M26>=1,data!M26,data!M26*100)) -> 75 | P30: =IF(data!N26="","",data!N26) -> 6 | R30: =IF(data!O26="","",data!O26) -> 6 | S30: =IF(data!P26="","",data!P26) -> 43847 | T30: =IF(data!Q26="","",data!Q26) -> Charles Linkous/ Bobby Valerio | W30: =IF(data!S26="","",data!S26) -> FALSE
... A54: =IF(data!C50="","",data!C50) -> P21013015 | C54: =IF(data!D50="","",data!D50) -> b3274 | D54: =IF(data!E50="","",data!E50) -> Rebuild approximately 8.9 miles of 69 kV line between Newcomerstown and Salt Fork Switch with 556 ACSR conductor. | E54: =IF(data!F50="","",data!F50) -> TO Criteria Violation | F54: =IF(data!G50="","",data!G50) | G54: =IF(data!H50="","",data!H50) -> 45809 | H54: =IF(data!I50="","",data!I50) | I54: =IF(data!J50="","",data!J50) -> 45809 | L54: =IF(data!L50="","",data!L50) -> EP | N54: =IF(data!M50="","",IF(data!M50>=1,data!M50,data!M50*100)) -> 0 | P54: =IF(data!N50="","",data!N50) -> 15.89 | R54: =IF(data!O50="","",data!O50) -> 15.89 | S54: =IF(data!P50="","",data!P50) -> 44166 | T54: =IF(data!Q50="","",data!Q50) | W54: =IF(data!S50="","",data!S50) -> FALSE
A55: =IF(data!C51="","",data!C51) -> P21565006 | C55: =IF(data!D51="","",data!D51) -> b3275.1 | D55: =IF(data!E51="","",data!E51) -> Rebuild Kammer Station-Cresaps Switch 69 kV, approximately 0.5 miles. | E55: =IF(data!F51="","",data!F51) -> TO Criteria Violation | F55: =IF(data!G51="","",data!G51) | G55: =IF(data!H51="","",data!H51) -> 45809 | H55: =IF(data!I51="","",data!I51) | I55: =IF(data!J51="","",data!J51) -> 45904 | K55: 45785 | L55: =IF(data!L51="","",data!L51) -> EP | M55: IS | N55: =IF(data!M51="","",IF(data!M51>=1,data!M51,data!M51*100)) -> 15 | O55: 100 | P55: =IF(data!N51="","",data!N51) -> 0.93 | R55: =IF(data!O51="","",data!O51) -> 0.933 | S55: =IF(data!P51="","",data!P51) -> 44166 | T55: =IF(data!Q51="","",data!Q51) -> PM Andrew Garlick/Planner Patrick Hodgson | W55: =IF(data!S51="","",data!S51) -> FALSE
A56: =IF(data!C52="","",data!C52) -> P21565007 | C56: =IF(data!D52="","",data!D52) -> b3275.2 | D56: =IF(data!E52="","",data!E52) -> Rebuild Cresaps Switch-McElroy Station 69 kV, approximately 0.67 miles. | E56: =IF(data!F52="","",data!F52) -> TO Criteria Violation | F56: =IF(data!G52="","",data!G52) | G56: =IF(data!H52="","",data!H52) -> 45809 | H56: =IF(data!I52="","",data!I52) | I56: =IF(data!J52="","",data!J52) -> 45904 | L56: =IF(data!L52="","",data!L52) -> EP | N56: =IF(data!M52="","",IF(data!M52>=1,data!M52,data!M52*100)) -> 15 | P56: =IF(data!N52="","",data!N52) -> 1.25 | R56: =IF(data!O52="","",data!O52) -> 1.25 | S56: =IF(data!P52="","",data!P52) -> 44166 | T56: =IF(data!Q52="","",data!Q52) -> PM Andrew Garlick/Planner Patrick Hodgson | W56: =IF(data!S52="","",data!S52) -> FALSE
A57: =IF(data!C53="","",data!C53) -> P21565009 | B57: P21565008 | C57: =IF(data!D53="","",data!D53) -> b3275.3 | D57: =IF(data!E53="","",data!E53) -> Replace a single span of 4/0 ACSR from Moundsville-Natrium str 93L to Carbon Tap switch 69kV located between Colombia Carbon and Conner Run stations. Remainder of line is 336 ACSR. | E57: =IF(data!F53="","",data!F53) -> TO Criteria Violation | F57: =IF(data!G53="","",data!G53) | G57: =IF(data!H53="","",data!H53) -> 45809 | H57: =IF(data!I53="","",data!I53) | I57: =IF(data!J53="","",data!J53) -> 45904 | K57: 45722 | L57: =IF(data!L53="","",data!L53) -> EP | M57: IS | N57: =IF(data!M53="","",IF(data!M53>=1,data!M53,data!M53*100)) -> 15 | O57: 100 | P57: =IF(data!N53="","",data!N53) -> 0.01 | R57: =IF(data!O53="","",data!O53) -> 0.012 | S57: =IF(data!P53="","",data!P53) -> 44166 | T57: =IF(data!Q53="","",data!Q53) -> PM Andrew Garlick/Planner Patrick Hodgson | W57: =IF(data!S53="","",data!S53) -> FALSE
A58: =IF(data!C54="","",data!C54) -> P21565010 | C58: =IF(data!D54="","",data!D54) -> b3275.4 | D58: =IF(data!E54="","",data!E54) -> Rebuild from Colombia Carbon to Columbia Carbon Tap str 93N 69 kV, approximately 0.72 miles. The remainder of the line between Colombia Carbon Tap structure 93N and Natrium station is 336 ACSR and will remain. | E58: =IF(data!F54="","",data!F54) -> TO Criteria Violation | F58: =IF(data!G54="","",data!G54) | G58: =IF(data!H54="","",data!H54) -> 45809 | H58: =IF(data!I54="","",data!I54) | I58: =IF(data!J54="","",data!J54) -> 45904 | K58: 45722 | L58: =IF(data!L54="","",data!L54) -> EP | M58: IS | N58: =IF(data!M54="","",IF(data!M54>=1,data!M54,data!M54*100)) -> 15 | O58: 100 | P58: =IF(data!N54="","",data!N54) -> 1.08 | R58: =IF(data!O54="","",data!O54) -> 1.082 | S58: =IF(data!P54="","",data!P54) -> 44166 | T58: =IF(data!Q54="","",data!Q54) -> PM Andrew Garlick/Planner Patrick Hodgson | W58: =IF(data!S54="","",data!S54) -> FALSE
A59: =IF(data!C55="","",data!C55) -> P21565001 | C59: =IF(data!D55="","",data!D55) -> b3275.5 | D59: =IF(data!E55="","",data!E55) -> Replace the Cresaps 69 kV 3-Way Phase-Over-Phase Switch and structure with a new 1200 A 3-Way Switch and Steel Pole. | E59: =IF(data!F55="","",data!F55) -> TO Criteria Violation | F59: =IF(data!G55="","",data!G55) | G59: =IF(data!H55="","",data!H55) -> 45809 | H59: =IF(data!I55="","",data!I55) | I59: =IF(data!J55="","",data!J55) -> 45904 | K59: 45785 | L59: =IF(data!L55="","",data!L55) -> EP | M59: IS | N59: =IF(data!M55="","",IF(data!M55>=1,data!M55,data!M55*100)) -> 15 | O59: 100 | P59: =IF(data!N55="","",data!N55) -> 0.71 | R59: =IF(data!O55="","",data!O55) -> 0.706 | S59: =IF(data!P55="","",data!P55) -> 44166 | T59: =IF(data!Q55="","",data!Q55) -> PM Andrew Garlick/Planner Patrick Hodgson | W59: =IF(data!S55="","",data!S55) -> FALSE
A60: =IF(data!C56="","",data!C56) -> P21565004 | C60: =IF(data!D56="","",data!D56) -> b3275.6 | D60: =IF(data!E56="","",data!E56) -> Replace 477 MCM Alum bus and risers at McElroy 69 kV station. | E60: =IF(data!F56="","",data!F56) -> TO Criteria Violation | F60: =IF(data!G56="","",data!G56) | G60: =IF(data!H56="","",data!H56) -> 45809 | H60: =IF(data!I56="","",data!I56) | I60: =IF(data!J56="","",data!J56) -> 45904 | L60: =IF(data!L56="","",data!L56) -> EP | N60: =IF(data!M56="","",IF(data!M56>=1,data!M56,data!M56*100)) -> 15 | P60: =IF(data!N56="","",data!N56) -> 0.33 | R60: =IF(data!O56="","",data!O56) -> 0.325 | S60: =IF(data!P56="","",data!P56) -> 44166 | T60: =IF(data!Q56="","",data!Q56) -> PM Andrew Garlick/Planner Patrick Hodgson | W60: =IF(data!S56="","",data!S56) -> FALSE
A61: =IF(data!C57="","",data!C57) -> P21565008 | B61: P19269001 | C61: =IF(data!D57="","",data!D57) -> b3275.7 | D61: =IF(data!E57="","",data!E57) -> Replace Natrium 138 kV bus existing between CB-BT1 and along the 138 kV Main Bus # 1 dropping to CBH1 from the 500MCM conductors to a 1272 KCM AAC conductor. Replace the dead end clamp and strain insulators. | E61: =IF(data!F57="","",data!F57) -> TO Criteria Violation | F61: =IF(data!G57="","",data!G57) | G61: =IF(data!H57="","",data!H57) -> 45809 | H61: =IF(data!I57="","",data!I57) | I61: =IF(data!J57="","",data!J57) -> 45904 | J61: 45987 | L61: =IF(data!L57="","",data!L57) -> EP | N61: =IF(data!M57="","",IF(data!M57>=1,data!M57,data!M57*100)) -> 15 | O61: 75 | P61: =IF(data!N57="","",data!N57) -> 0.29 | R61: =IF(data!O57="","",data!O57) -> 0.291 | S61: =IF(data!P57="","",data!P57) -> 44166 | T61: =IF(data!Q57="","",data!Q57) -> PM Andrew Garlick/Planner Patrick Hodgson | W61: =IF(data!S57="","",data!S57) -> FALSE
A62: =IF(data!C58="","",data!C58) -> P22062009 | C62: =IF(data!D58="","",data!D58) -> b3276.1 | D62: =IF(data!E58="","",data!E58) -> Rebuild the 2/0 Copper section of the Lancaster-South Lancaster 69 kV line, approximately 2.9 miles of the 3.2 mile total length with 556 ACSR conductor. The remaining section has 336 ACSR conductor. | E62: =IF(data!F58="","",data!F58) -> TO Criteria Violation | F62: =IF(data!G58="","",data!G58) | G62: =IF(data!H58="","",data!H58) -> 45809 | H62: =IF(data!I58="","",data!I58) | I62: =IF(data!J58="","",data!J58) -> 46679 | J62: 47848 | L62: =IF(data!L58="","",data!L58) -> EP | N62: =IF(data!M58="","",IF(data!M58>=1,data!M58,data!M58*100)) -> 0 | P62: =IF(data!N58="","",data!N58) -> 5.37 | R62: =IF(data!O58="","",data!O58) -> 5.37 | S62: =IF(data!P58="","",data!P58) -> 44166 | T62: =IF(data!Q58="","",data!Q58) -> PM Karmyn Wilford/Planner Christian Mitchell-Flores | W62: =IF(data!S58="","",data!S58) -> FALSE
A63: =IF(data!C59="","",data!C59) -> P22062009 | C63: =IF(data!D59="","",data!D59) -> b3276.2 | D63: =IF(data!E59="","",data!E59) -> Rebuild the 1/0 Copper section of the line between Lancaster Junction and Ralston station 69 kV, approximately 2.3 miles of the 3.1 mile total length. | E63: =IF(data!F59="","",data!F59) -> TO Criteria Violation | F63: =IF(data!G59="","",data!G59) | G63: =IF(data!H59="","",data!H59) -> 45809 | H63: =IF(data!I59="","",data!I59) | I63: =IF(data!J59="","",data!J59) -> 45777 | J63: 47848 | L63: =IF(data!L59="","",data!L59) -> EP | N63: =IF(data!M59="","",IF(data!M59>=1,data!M59,data!M59*100)) -> 0 | P63: =IF(data!N59="","",data!N59) -> 4.58 | R63: =IF(data!O59="","",data!O59) -> 4.582 | S63: =IF(data!P59="","",data!P59) -> 44166 | T63: =IF(data!Q59="","",data!Q59) -> PM Karmyn Wilford/Planner Christian Mitchell-Flores | W63: =IF(data!S59="","",data!S59) -> FALSE
A64: =IF(data!C60="","",data!C60) -> P20252011 | C64: =IF(data!D60="","",data!D60) -> b3276.3 | D64: =IF(data!E60="","",data!E60) -> Rebuild the 2/0 Copper portion of the line between East Lancaster Tap and Lancaster 69 kV, approximately 0.81 miles. | E64: =IF(data!F60="","",data!F60) -> TO Criteria Violation | F64: =IF(data!G60="","",data!G60) | G64: =IF(data!H60="","",data!H60) -> 45809 | H64: =IF(data!I60="","",data!I60) | I64: =IF(data!J60="","",data!J60) -> 46132 | J64: 46219 | L64: =IF(data!L60="","",data!L60) -> EP | N64: =IF(data!M60="","",IF(data!M60>=1,data!M60,data!M60*100)) -> 15 | P64: =IF(data!N60="","",data!N60) -> 1.2 | R64: =IF(data!O60="","",data!O60) -> 1.195 | S64: =IF(data!P60="","",data!P60) -> 44166 | T64: =IF(data!Q60="","",data!Q60) | W64: =IF(data!S60="","",data!S60) -> FALSE
A65: =IF(data!C61="","",data!C61) -> P19004009 | C65: =IF(data!D61="","",data!D61) -> b3278.1 | D65: =IF(data!E61="","",data!E61) -> Saltville Station: Replace H.S. MOAB Switches on the high side of the 138/69/34.5 kV T1 with a H.S. Circuit Switcher. | E65: =IF(data!F61="","",data!F61) -> TO Criteria Violation | F65: =IF(data!G61="","",data!G61) | G65: =IF(data!H61="","",data!H61) -> 45992 | H65: =IF(data!I61="","",data!I61) | I65: =IF(data!J61="","",data!J61) -> 46779 | J65: 48022 | L65: =IF(data!L61="","",data!L61) -> On Hold | M65: EP | N65: =IF(data!M61="","",IF(data!M61>=1,data!M61,data!M61*100)) -> 0 | O65: 25 | P65: =IF(data!N61="","",data!N61) -> 0.72 | R65: =IF(data!O61="","",data!O61) -> 0.72 | S65: =IF(data!P61="","",data!P61) -> 44244 | T65: =IF(data!Q61="","",data!Q61) -> PM Blair Burns/Planner Christian Mitchell-Flores | W65: =IF(data!S61="","",data!S61) -> FALSE
A66: =IF(data!C62="","",data!C62) -> P19004015 | C66: =IF(data!D62="","",data!D62) -> b3278.2 | D66: =IF(data!E62="","",data!E62) -> Meadowview Station: Replace existing 138/69/34.5 kV transformer T2 with a new 130 MVA 138/69/13 kV transformer. | E66: =IF(data!F62="","",data!F62) -> TO Criteria Violation | F66: =IF(data!G62="","",data!G62) | G66: =IF(data!H62="","",data!H62) -> 45992 | H66: =IF(data!I62="","",data!I62) | I66: =IF(data!J62="","",data!J62) -> 46885 | J66: 48506 | L66: =IF(data!L62="","",data!L62) -> EP | N66: =IF(data!M62="","",IF(data!M62>=1,data!M62,data!M62*100)) -> 0 | O66: 25 | P66: =IF(data!N62="","",data!N62) -> 3.14 | R66: =IF(data!O62="","",data!O62) -> 3.14 | S66: =IF(data!P62="","",data!P62) -> 44244 | T66: =IF(data!Q62="","",data!Q62) -> PM Blair Burns/Planner Christian Mitchell-Flores | W66: =IF(data!S62="","",data!S62) -> FALSE
A67: =IF(data!C63="","",data!C63) -> P19004009 | C67: =IF(data!D63="","",data!D63) -> b3278.3 | D67: =IF(data!E63="","",data!E63) -> Saltville Station: Install two 138 kV breakers and bus diff protection | E67: =IF(data!F63="","",data!F63) -> TO Criteria Violation | F67: =IF(data!G63="","",data!G63) | G67: =IF(data!H63="","",data!H63) -> 45992 | H67: =IF(data!I63="","",data!I63) | I67: =IF(data!J63="","",data!J63) -> 46885 | L67: =IF(data!L63="","",data!L63) -> EP | N67: =IF(data!M63="","",IF(data!M63>=1,data!M63,data!M63*100)) -> 0 | O67: 25 | P67: =IF(data!N63="","",data!N63) -> 0.36 | R67: =IF(data!O63="","",data!O63) -> 0.36 | S67: =IF(data!P63="","",data!P63) -> 44393 | T67: =IF(data!Q63="","",data!Q63) -> PM Blair Burns/Planner Christian Mitchell-Flores | W67: =IF(data!S63="","",data!S63) -> FALSE
A68: =IF(data!C64="","",data!C64) -> P22908005 | C68: =IF(data!D64="","",data!D64) -> b3279 | D68: =IF(data!E64="","",data!E64) -> Install a new 138 kV, 21.6 MVAR cap bank and circuit switcher at Apple Grove Station. | E68: =IF(data!F64="","",data!F64) -> TO Criteria Violation | F68: =IF(data!G64="","",data!G64) | G68: =IF(data!H64="","",data!H64) -> 45809 | H68: =IF(data!I64="","",data!I64) | I68: =IF(data!J64="","",data!J64) -> 46478 | L68: =IF(data!L64="","",data!L64) -> EP | N68: =IF(data!M64="","",IF(data!M64>=1,data!M64,data!M64*100)) -> 0 | O68: 10 | P68: =IF(data!N64="","",data!N64) -> 1 | R68: =IF(data!O64="","",data!O64) -> 1 | S68: =IF(data!P64="","",data!P64) -> 44244 | T68: =IF(data!Q64="","",data!Q64) -> PM Blair Burns/Planner Christian Mitchell-Flores | W68: =IF(data!S64="","",data!S64) -> FALSE
A69: =IF(data!C65="","",data!C65) -> P20228001, P20228002 | C69: =IF(data!D65="","",data!D65) -> b3280 | D69: =IF(data!E65="","",data!E65) -> Rebuild the existing Cabin Creek - Kelly Creek 46 kV line (to structure 366-44), approximately 4.4 miles. This section is double circuit with the existing Cabin Creek - London 46 kV line so a double circuit rebuild would be required. | E69: =IF(data!F65="","",data!F65) -> TO Criteria Violation | F69: =IF(data!G65="","",data!G65) | G69: =IF(data!H65="","",data!H65) -> 45809 | H69: =IF(data!I65="","",data!I65) | I69: =IF(data!J65="","",data!J65) -> 46351 | J69: 46310 | L69: =IF(data!L65="","",data!L65) -> EP | N69: =IF(data!M65="","",IF(data!M65>=1,data!M65,data!M65*100)) -> 10 | O69: 50 | P69: =IF(data!N65="","",data!N65) -> 17.9 | R69: =IF(data!O65="","",data!O65) -> 17.9 | S69: =IF(data!P65="","",data!P65) -> 44211 | T69: =IF(data!Q65="","",data!Q65) -> PM Wayne Cooper/Planner Michael Hassay | W69: =IF(data!S65="","",data!S65) -> FALSE
A70: =IF(data!C66="","",data!C66) -> P21753001 | C70: =IF(data!D66="","",data!D66) -> b3281 | D70: =IF(data!E66="","",data!E66) -> Install 138 kV circuit switcher on the 138/69 kV transformer #1 and 138/34.5 kV transformer #2 at Dewey. Install 138 kV 2000 A 40 kA breaker on Stanville line at Dewey 138 kV substation. | E70: =IF(data!F66="","",data!F66) -> TO Criteria Violation | F70: =IF(data!G66="","",data!G66) | G70: =IF(data!H66="","",data!H66) -> 45992 | H70: =IF(data!I66="","",data!I66) | I70: =IF(data!J66="","",data!J66) -> 45992 | J70: 45966 | L70: =IF(data!L66="","",data!L66) -> EP | M70: UC | N70: =IF(data!M66="","",IF(data!M66>=1,data!M66,data!M66*100)) -> 15 | O70: 75 | P70: =IF(data!N66="","",data!N66) -> 1.4 | R70: =IF(data!O66="","",data!O66) -> 1.4 | S70: =IF(data!P66="","",data!P66) -> 44244 | T70: =IF(data!Q66="","",data!Q66) -> PM Jacob Arwood/Joshua Smith | W70: =IF(data!S66="","",data!S66) -> FALSE
A71: =IF(data!C67="","",data!C67) -> P19292001 | C71: =IF(data!D67="","",data!D67) -> b3282.1 | D71: =IF(data!E67="","",data!E67) -> Install a second 138 kV circuit utilizing 795 ACSR conductor on the open position of the existing double circuit towers from East Huntington-North Proctorville. Remove the existing 34.5 kV line from East Huntington-North Chesapeake and rebuild this section to 138 kV served from a new PoP switch off the new East Huntington-North Proctorville 138 kV #2 line. | E71: =IF(data!F67="","",data!F67) -> TO Criteria Violation | F71: =IF(data!G67="","",data!G67) | G71: =IF(data!H67="","",data!H67) -> 45809 | H71: =IF(data!I67="","",data!I67) | I71: =IF(data!J67="","",data!J67) -> 46317 | J71: 47198 | L71: =IF(data!L67="","",data!L67) -> EP | N71: =IF(data!M67="","",IF(data!M67>=1,data!M67,data!M67*100)) -> 0 | O71: 10 | P71: =IF(data!N67="","",data!N67) -> 7.1 | R71: =IF(data!O67="","",data!O67) -> 7.1 | S71: =IF(data!P67="","",data!P67) -> 44244 | T71: =IF(data!Q67="","",data!Q67) -> PM Wayne Cooper/Planner Michael Hassay | W71: =IF(data!S67="","",data!S67) -> FALSE
A72: =IF(data!C68="","",data!C68) -> P19292012 | C72: =IF(data!D68="","",data!D68) -> b3282.2 | D72: =IF(data!E68="","",data!E68) -> Install a 138 kV 40 kA circuit breaker at North Proctorville. | E72: =IF(data!F68="","",data!F68) -> TO Criteria Violation | F72: =IF(data!G68="","",data!G68) | G72: =IF(data!H68="","",data!H68) -> 45809 | H72: =IF(data!I68="","",data!I68) | I72: =IF(data!J68="","",data!J68) -> 46317 | J72: 47198 | L72: =IF(data!L68="","",data!L68) -> EP | N72: =IF(data!M68="","",IF(data!M68>=1,data!M68,data!M68*100)) -> 0 | O72: 10 | P72: =IF(data!N68="","",data!N68) -> 1.4 | R72: =IF(data!O68="","",data!O68) -> 1.4 | S72: =IF(data!P68="","",data!P68) -> 44244 | T72: =IF(data!Q68="","",data!Q68) -> PM Wayne Cooper/Planner Michael Hassay | W72: =IF(data!S68="","",data!S68) -> FALSE
A73: =IF(data!C69="","",data!C69) -> P19292011 | C73: =IF(data!D69="","",data!D69) -> b3282.3 | D73: =IF(data!E69="","",data!E69) -> Install a 138 kV 40 kA circuit breaker at East Huntington. | E73: =IF(data!F69="","",data!F69) -> TO Criteria Violation | F73: =IF(data!G69="","",data!G69) | G73: =IF(data!H69="","",data!H69) -> 45809 | H73: =IF(data!I69="","",data!I69) | I73: =IF(data!J69="","",data!J69) -> 46317 | J73: 47198 | L73: =IF(data!L69="","",data!L69) -> EP | N73: =IF(data!M69="","",IF(data!M69>=1,data!M69,data!M69*100)) -> 0 | O73: 10 | P73: =IF(data!N69="","",data!N69) -> 1.1 | R73: =IF(data!O69="","",data!O69) -> 1.1 | S73: =IF(data!P69="","",data!P69) -> 44244 | T73: =IF(data!Q69="","",data!Q69) -> PM Wayne Cooper/Planner Michael Hassay | W73: =IF(data!S69="","",data!S69) -> FALSE
A74: =IF(data!C70="","",data!C70) -> P19292009 | C74: =IF(data!D70="","",data!D70) -> b3282.4 | D74: =IF(data!E70="","",data!E70) -> Convert the existing 34/12 kV North Chesapeake to a 138/12 kV station. | E74: =IF(data!F70="","",data!F70) -> TO Criteria Violation | F74: =IF(data!G70="","",data!G70) | G74: =IF(data!H70="","",data!H70) -> 45809 | H74: =IF(data!I70="","",data!I70) | I74: =IF(data!J70="","",data!J70) -> 46317 | J74: 47198 | L74: =IF(data!L70="","",data!L70) -> EP | N74: =IF(data!M70="","",IF(data!M70>=1,data!M70,data!M70*100)) -> 0 | O74: 10 | P74: =IF(data!N70="","",data!N70) -> 0.8 | R74: =IF(data!O70="","",data!O70) -> 0.8 | S74: =IF(data!P70="","",data!P70) -> 44244 | T74: =IF(data!Q70="","",data!Q70) -> PM Wayne Cooper/Planner Michael Hassay | W74: =IF(data!S70="","",data!S70) -> FALSE
A75: =IF(data!C71="","",data!C71) -> P19303001 | C75: =IF(data!D71="","",data!D71) -> b3284 | D75: =IF(data!E71="","",data!E71) -> Rebuild ~5.44 miles of 69 kV line from Lock Lane to Point Pleasant. | E75: =IF(data!F71="","",data!F71) -> TO Criteria Violation | F75: =IF(data!G71="","",data!G71) | G75: =IF(data!H71="","",data!H71) -> 45809 | H75: =IF(data!I71="","",data!I71) | I75: =IF(data!J71="","",data!J71) -> 46275 | J75: 46640 | L75: UC | M75: EP | N75: =IF(data!M71="","",IF(data!M71>=1,data!M71,data!M71*100)) -> 15 | O75: 50 | P75: =IF(data!N71="","",data!N71) -> 13.5 | R75: =IF(data!O71="","",data!O71) -> 13.5 | S75: =IF(data!P71="","",data!P71) -> 44211 | T75: =IF(data!Q71="","",data!Q71) -> PM Andrew Garlick/Planner Michael Hassay | W75: =IF(data!S71="","",data!S71) -> FALSE
A76: =IF(data!C72="","",data!C72) -> P18243002 | C76: =IF(data!D72="","",data!D72) -> b3285 | D76: =IF(data!E72="","",data!E72) -> Replace the Meigs 69 kV 4/0 Cu station riser towards Gavin and rebuild the section of the Meigs – Hemlock 69 kV circuit from Meigs to approximately structure #40 (~4 miles) replacing the line conductor 4/0 ACSR with the line conductor size 556.5 ACSR. | E76: =IF(data!F72="","",data!F72) -> TO Criteria Violation | F76: =IF(data!G72="","",data!G72) | G76: =IF(data!H72="","",data!H72) -> 45809 | H76: =IF(data!I72="","",data!I72) | I76: =IF(data!J72="","",data!J72) -> 46170 | J76: 46055 | L76: =IF(data!L72="","",data!L72) -> UC | N76: =IF(data!M72="","",IF(data!M72>=1,data!M72,data!M72*100)) -> 50 | O76: 75 | P76: =IF(data!N72="","",data!N72) -> 12.14 | R76: =IF(data!O72="","",data!O72) -> 12.14 | S76: =IF(data!P72="","",data!P72) -> 44211 | T76: =IF(data!Q72="","",data!Q72) -> PM James Albright/Planner Patrick Hodgson | W76: =IF(data!S72="","",data!S72) -> FALSE
A77: =IF(data!C73="","",data!C73) -> P19305001 | C77: =IF(data!D73="","",data!D73) -> b3288.1 | D77: =IF(data!E73="","",data!E73) -> Construct ~ 2.75 mi Orinoco - Stone 69 kV transmission line in the clear between Orinoco station and Stone station. | E77: =IF(data!F73="","",data!F73) -> TO Criteria Violation | F77: =IF(data!G73="","",data!G73) | G77: =IF(data!H73="","",data!H73) -> 45992 | H77: =IF(data!I73="","",data!I73) | I77: =IF(data!J73="","",data!J73) -> 45806 | J77: 46514 | L77: =IF(data!L73="","",data!L73) -> EP | M77: UC | N77: =IF(data!M73="","",IF(data!M73>=1,data!M73,data!M73*100)) -> 15 | O77: 75 | P77: =IF(data!N73="","",data!N73) -> 9.23 | R77: =IF(data!O73="","",data!O73) -> 9.23 | S77: =IF(data!P73="","",data!P73) -> 44211 | T77: =IF(data!Q73="","",data!Q73) -> PM Lance Blackburn/Planner Michael Hassay | W77: =IF(data!S73="","",data!S73) -> FALSE
A78: =IF(data!C74="","",data!C74) -> P19305016 | C78: =IF(data!D74="","",data!D74) -> b3288.2 | D78: =IF(data!E74="","",data!E74) -> Construct ~ 3.25 mi Orinoco – New Camp 69 kV transmission line in the clear between Orinoco station and New Camp station. | E78: =IF(data!F74="","",data!F74) -> TO Criteria Violation | F78: =IF(data!G74="","",data!G74) | G78: =IF(data!H74="","",data!H74) -> 45992 | H78: =IF(data!I74="","",data!I74) | I78: =IF(data!J74="","",data!J74) -> 45974 | J78: 46699 | L78: =IF(data!L74="","",data!L74) -> EP | M78: UC | N78: =IF(data!M74="","",IF(data!M74>=1,data!M74,data!M74*100)) -> 15 | O78: 75 | P78: =IF(data!N74="","",data!N74) -> 9.95 | R78: =IF(data!O74="","",data!O74) -> 9.95 | S78: =IF(data!P74="","",data!P74) -> 44211 | T78: =IF(data!Q74="","",data!Q74) -> PM Lance Blackburn/Planner Michael Hassay | W78: =IF(data!S74="","",data!S74) -> FALSE
A79: =IF(data!C75="","",data!C75) -> P19305010 | C79: =IF(data!D75="","",data!D75) -> b3288.3 | D79: =IF(data!E75="","",data!E75) -> At Stone substation, circuit breaker A to remain in place and be utilized as T1 low side breaker, circuit breaker B to remain in place and be utilized as new Hatfield (via Orinoco and New Camp) 69 kV line breaker. Add new 69 kV circuit breaker E for Coleman Line exit. | E79: =IF(data!F75="","",data!F75) -> TO Criteria Violation | F79: =IF(data!G75="","",data!G75) | G79: =IF(data!H75="","",data!H75) -> 45992 | H79: =IF(data!I75="","",data!I75) | I79: =IF(data!J75="","",data!J75) -> 45806 | J79: 46514 | L79: =IF(data!L75="","",data!L75) -> EP | M79: UC | N79: =IF(data!M75="","",IF(data!M75>=1,data!M75,data!M75*100)) -> 15 | O79: 75 | P79: =IF(data!N75="","",data!N75) -> 0.66 | R79: =IF(data!O75="","",data!O75) -> 0.66 | S79: =IF(data!P75="","",data!P75) -> 44211 | T79: =IF(data!Q75="","",data!Q75) -> PM Lance Blackburn/Planner Michael Hassay | W79: =IF(data!S75="","",data!S75) -> FALSE
A80: =IF(data!C76="","",data!C76) -> P19305018 | C80: =IF(data!D76="","",data!D76) -> b3288.4 | D80: =IF(data!E76="","",data!E76) -> Reconfigure the New Camp 69 kV tap which includes access road improvements/installation, temporary wire and permanent wire work along with dead end structures installation. | E80: =IF(data!F76="","",data!F76) -> TO Criteria Violation | F80: =IF(data!G76="","",data!G76) | G80: =IF(data!H76="","",data!H76) -> 45992 | H80: =IF(data!I76="","",data!I76) | I80: =IF(data!J76="","",data!J76) -> 45974 | J80: 46703 | L80: =IF(data!L76="","",data!L76) -> EP | M80: UC | N80: =IF(data!M76="","",IF(data!M76>=1,data!M76,data!M76*100)) -> 15 | O80: 75 | P80: =IF(data!N76="","",data!N76) -> 0.45 | R80: =IF(data!O76="","",data!O76) -> 0.45 | S80: =IF(data!P76="","",data!P76) -> 44211 | T80: =IF(data!Q76="","",data!Q76) -> PM Lance Blackburn/Planner Michael Hassay | W80: =IF(data!S76="","",data!S76) -> FALSE
A81: =IF(data!C77="","",data!C77) -> P19305022 | C81: =IF(data!D77="","",data!D77) -> b3288.5 | D81: =IF(data!E77="","",data!E77) -> At New Camp substation, rebuild the 69 kV bus, add 69 kV MOAB W and replace the 69 kV ground switch Z1 with a 69 kV circuit switcher on the New Camp transformer. | E81: =IF(data!F77="","",data!F77) -> TO Criteria Violation | F81: =IF(data!G77="","",data!G77) | G81: =IF(data!H77="","",data!H77) -> 45992 | H81: =IF(data!I77="","",data!I77) | I81: =IF(data!J77="","",data!J77) -> 45974 | J81: 46699 | L81: =IF(data!L77="","",data!L77) -> EP | M81: UC | N81: =IF(data!M77="","",IF(data!M77>=1,data!M77,data!M77*100)) -> 15 | O81: 75 | P81: =IF(data!N77="","",data!N77) -> 1.18 | R81: =IF(data!O77="","",data!O77) -> 1.18 | S81: =IF(data!P77="","",data!P77) -> 44211 | T81: =IF(data!Q77="","",data!Q77) -> PM Lance Blackburn/Planner Michael Hassay | W81: =IF(data!S77="","",data!S77) -> FALSE
A82: =IF(data!C78="","",data!C78) -> P19296003 | C82: =IF(data!D78="","",data!D78) -> b3289.1 | D82: =IF(data!E78="","",data!E78) -> Roanoke Station: Install high-side circuit switcher on 138/69/12 kV T5 | E82: =IF(data!F78="","",data!F78) -> TO Criteria Violation | F82: =IF(data!G78="","",data!G78) | G82: =IF(data!H78="","",data!H78) -> 45809 | H82: =IF(data!I78="","",data!I78) | I82: =IF(data!J78="","",data!J78) -> 46366 | J82: 46617 | L82: =IF(data!L78="","",data!L78) -> EP | M82: EP | N82: =IF(data!M78="","",IF(data!M78>=1,data!M78,data!M78*100)) -> 0 | O82: 10 | P82: =IF(data!N78="","",data!N78) -> 1.1 | R82: =IF(data!O78="","",data!O78) -> 1.102 | S82: =IF(data!P78="","",data!P78) -> 44211 | T82: =IF(data!Q78="","",data!Q78) -> PM Jonathan Wood/Planner Robert Valerio | W82: =IF(data!S78="","",data!S78) -> FALSE
A83: =IF(data!C79="","",data!C79) -> P23013002 | C83: =IF(data!D79="","",data!D79) -> b3289.2 | D83: =IF(data!E79="","",data!E79) -> Huntington Court Station: Install high-side circuit switcher on 138/69/34.5 kV T1 | E83: =IF(data!F79="","",data!F79) -> TO Criteria Violation | F83: =IF(data!G79="","",data!G79) | G83: =IF(data!H79="","",data!H79) -> 45809 | H83: =IF(data!I79="","",data!I79) | I83: =IF(data!J79="","",data!J79) -> 46163 | L83: =IF(data!L79="","",data!L79) -> EP | N83: =IF(data!M79="","",IF(data!M79>=1,data!M79,data!M79*100)) -> 0 | O83: 50 | P83: =IF(data!N79="","",data!N79) -> 1.42 | R83: =IF(data!O79="","",data!O79) -> 1.415 | S83: =IF(data!P79="","",data!P79) -> 44211 | T83: =IF(data!Q79="","",data!Q79) -> PM Myles Gunter/Planner Robert Valerio | W83: =IF(data!S79="","",data!S79) -> FALSE
A84: =IF(data!C80="","",data!C80) -> P19220001 | C84: =IF(data!D80="","",data!D80) -> b3290.1 | D84: =IF(data!E80="","",data!E80) -> Build 9.4 miles of single circuit 69 kV line from Roselms to near East Ottoville 69 kV Switch. | E84: =IF(data!F80="","",data!F80) -> TO Criteria Violation | F84: =IF(data!G80="","",data!G80) | G84: =IF(data!H80="","",data!H80) -> 45809 | H84: =IF(data!I80="","",data!I80) | I84: =IF(data!J80="","",data!J80) -> 46119 | J84: 46545 | L84: =IF(data!L80="","",data!L80) -> EP | N84: =IF(data!M80="","",IF(data!M80>=1,data!M80,data!M80*100)) -> 15 | O84: 50 | P84: =IF(data!N80="","",data!N80) -> 13.7 | R84: =IF(data!O80="","",data!O80) -> 13.7 | S84: =IF(data!P80="","",data!P80) -> 44211 | T84: =IF(data!Q80="","",data!Q80) -> PM Benjamin Gilsdorf/Planner | W84: =IF(data!S80="","",data!S80) -> FALSE
A85: =IF(data!C81="","",data!C81) -> P19220018 | C85: =IF(data!D81="","",data!D81) -> b3290.2 | D85: =IF(data!E81="","",data!E81) -> Rebuild 7.5 miles of double circuit 69kV line between East Ottoville Switch and Kalida Station (combining with the new Roselms to Kalida 69 kV circuit). | E85: =IF(data!F81="","",data!F81) -> TO Criteria Violation | F85: =IF(data!G81="","",data!G81) | G85: =IF(data!H81="","",data!H81) -> 45809 | H85: =IF(data!I81="","",data!I81) | I85: =IF(data!J81="","",data!J81) -> 46086 | J85: 46437 | L85: =IF(data!L81="","",data!L81) -> EP | N85: =IF(data!M81="","",IF(data!M81>=1,data!M81,data!M81*100)) -> 15 | O85: 50 | P85: =IF(data!N81="","",data!N81) -> 23.6 | R85: =IF(data!O81="","",data!O81) -> 23.6 | S85: =IF(data!P81="","",data!P81) -> 44211 | T85: =IF(data!Q81="","",data!Q81) -> PM Benjamin Gilsdorf/Planner Jason Lee | W85: =IF(data!S81="","",data!S81) -> FALSE
A86: =IF(data!C82="","",data!C82) -> P19220017 | C86: =IF(data!D82="","",data!D82) -> b3290.3 | D86: =IF(data!E82="","",data!E82) -> At Roselms Switch, install a new three way 69kV, 1200 A phase-over-phase switch, with sectionalizing capability. | E86: =IF(data!F82="","",data!F82) -> TO Criteria Violation | F86: =IF(data!G82="","",data!G82) | G86: =IF(data!H82="","",data!H82) -> 45809 | H86: =IF(data!I82="","",data!I82) | I86: =IF(data!J82="","",data!J82) -> 46119 | J86: 46545 | L86: =IF(data!L82="","",data!L82) -> EP | N86: =IF(data!M82="","",IF(data!M82>=1,data!M82,data!M82*100)) -> 15 | O86: 50 | P86: =IF(data!N82="","",data!N82) -> 0.6 | R86: =IF(data!O82="","",data!O82) -> 0.6 | S86: =IF(data!P82="","",data!P82) -> 44211 | T86: =IF(data!Q82="","",data!Q82) -> PM Benjamin Gilsdorf/Planner Jason Lee | W86: =IF(data!S82="","",data!S82) -> FALSE
A87: =IF(data!C83="","",data!C83) -> P19220021 | C87: =IF(data!D83="","",data!D83) -> b3290.4 | D87: =IF(data!E83="","",data!E83) -> At Kalida 69 kV station, terminate the new line from Roselms Switch. Move the CS XT2 from high side of T2 to the high side of T1. Remove existing T2 transformer. | E87: =IF(data!F83="","",data!F83) -> TO Criteria Violation | F87: =IF(data!G83="","",data!G83) | G87: =IF(data!H83="","",data!H83) -> 45809 | H87: =IF(data!I83="","",data!I83) | I87: =IF(data!J83="","",data!J83) -> 46119 | J87: 46556 | L87: =IF(data!L83="","",data!L83) -> EP | N87: =IF(data!M83="","",IF(data!M83>=1,data!M83,data!M83*100)) -> 15 | O87: 50 | P87: =IF(data!N83="","",data!N83) -> 1 | R87: =IF(data!O83="","",data!O83) -> 1 | S87: =IF(data!P83="","",data!P83) -> 44211 | T87: =IF(data!Q83="","",data!Q83) -> PM Benjamin Gilsdorf/Planner Jason Lee | W87: =IF(data!S83="","",data!S83) -> FALSE
A88: =IF(data!C84="","",data!C84) -> P15082C15 | C88: =IF(data!D84="","",data!D84) -> b3291 | D88: =IF(data!E84="","",data!E84) -> Replace the Russ St. 34.5 kV Switch | E88: =IF(data!F84="","",data!F84) -> TO Criteria Violation | F88: =IF(data!G84="","",data!G84) | G88: =IF(data!H84="","",data!H84) -> 45809 | H88: =IF(data!I84="","",data!I84) | I88: =IF(data!J84="","",data!J84) -> 46318 | L88: =IF(data!L84="","",data!L84) -> EP | N88: =IF(data!M84="","",IF(data!M84>=1,data!M84,data!M84*100)) -> 15 | O88: 50 | P88: =IF(data!N84="","",data!N84) -> 1.5 | R88: =IF(data!O84="","",data!O84) -> 1.5 | S88: =IF(data!P84="","",data!P84) -> 44211 | T88: =IF(data!Q84="","",data!Q84) -> PM Cliff Vaughn/Planner Joshua Smith | W88: =IF(data!S84="","",data!S84) -> FALSE
A89: =IF(data!C85="","",data!C85) -> P18100001 | C89: =IF(data!D85="","",data!D85) -> b3292 | D89: =IF(data!E85="","",data!E85) -> Replace existing 69 kV capacitor bank at Stuart Station with a 17.2 MVAr capacitor bank | E89: =IF(data!F85="","",data!F85) -> TO Criteria Violation | F89: =IF(data!G85="","",data!G85) | G89: =IF(data!H85="","",data!H85) -> 45992 | H89: =IF(data!I85="","",data!I85) | I89: =IF(data!J85="","",data!J85) -> 45992 | J89: 47100 | L89: =IF(data!L85="","",data!L85) -> EP | N89: =IF(data!M85="","",IF(data!M85>=1,data!M85,data!M85*100)) -> 0 | O89: 25 | P89: =IF(data!N85="","",data!N85) -> 0 | R89: =IF(data!O85="","",data!O85) -> 0 | S89: =IF(data!P85="","",data!P85) -> 44211 | T89: =IF(data!Q85="","",data!Q85) | W89: =IF(data!S85="","",data!S85) -> FALSE
A90: =IF(data!C86="","",data!C86) -> P19296005 | C90: =IF(data!D86="","",data!D86) -> b3294 | D90: =IF(data!E86="","",data!E86) -> Replace existing 69 kV disconnect switches for circuit breaker "C" at Walnut Avenue station | E90: =IF(data!F86="","",data!F86) -> TO Criteria Violation | F90: =IF(data!G86="","",data!G86) | G90: =IF(data!H86="","",data!H86) -> 45809 | H90: =IF(data!I86="","",data!I86) | I90: =IF(data!J86="","",data!J86) -> 46281 | J90: 46604 | L90: =IF(data!L86="","",data!L86) -> EP | N90: =IF(data!M86="","",IF(data!M86>=1,data!M86,data!M86*100)) -> 0 | O90: 10 | P90: =IF(data!N86="","",data!N86) -> 0 | R90: =IF(data!O86="","",data!O86) -> 0 | S90: =IF(data!P86="","",data!P86) -> 44211 | T90: =IF(data!Q86="","",data!Q86) -> PM Jonathan Woods/Planner Robert Valerio | W90: =IF(data!S86="","",data!S86) -> FALSE
A91: =IF(data!C87="","",data!C87) -> P19281003, P19281024 | C91: =IF(data!D87="","",data!D87) -> b3296 | D91: =IF(data!E87="","",data!E87) -> Rebuild the overloaded portion of the Concord-Whitaker 34.5 kV line (1.13 miles). Rebuild is double circuit and will utilize 795 ACSR conductor. | E91: =IF(data!F87="","",data!F87) -> TO Criteria Violation | F91: =IF(data!G87="","",data!G87) | G91: =IF(data!H87="","",data!H87) -> 45809 | H91: =IF(data!I87="","",data!I87) | I91: =IF(data!J87="","",data!J87) -> 46203 | J91: 46629 | L91: =IF(data!L87="","",data!L87) -> EP | N91: =IF(data!M87="","",IF(data!M87>=1,data!M87,data!M87*100)) -> 0 | O91: 25 | P91: =IF(data!N87="","",data!N87) -> 2.8 | R91: =IF(data!O87="","",data!O87) -> 2.8 | S91: =IF(data!P87="","",data!P87) -> 44211 | T91: =IF(data!Q87="","",data!Q87) | W91: =IF(data!S87="","",data!S87) -> FALSE
A92: =IF(data!C88="","",data!C88) -> P20233002 | C92: =IF(data!D88="","",data!D88) -> b3297.1 | D92: =IF(data!E88="","",data!E88) -> Rebuild 4.23 miles of 69 kV line between Sawmill and Lazelle station, using 795 ACSR 26/7 conductor. | E92: =IF(data!F88="","",data!F88) -> TO Criteria Violation | F92: =IF(data!G88="","",data!G88) | G92: =IF(data!H88="","",data!H88) -> 45809 | H92: =IF(data!I88="","",data!I88) | I92: =IF(data!J88="","",data!J88) -> 46634 | J92: 46225 | L92: =IF(data!L88="","",data!L88) -> EP | N92: =IF(data!M88="","",IF(data!M88>=1,data!M88,data!M88*100)) -> 0 | O92: 10 | P92: =IF(data!N88="","",data!N88) -> 12 | R92: =IF(data!O88="","",data!O88) -> 12 | S92: =IF(data!P88="","",data!P88) -> 44211 | T92: =IF(data!Q88="","",data!Q88) -> PM Andrew Nardella/Planner Huner Hutchinson | W92: =IF(data!S88="","",data!S88) -> FALSE
A93: =IF(data!C89="","",data!C89) -> P20233006 | C93: =IF(data!D89="","",data!D89) -> b3297.2 | D93: =IF(data!E89="","",data!E89) -> Rebuild 1.94 miles of 69 kV line between Westerville and Genoa stations, using 795 ACSR 26/7 conductor. | E93: =IF(data!F89="","",data!F89) -> TO Criteria Violation | F93: =IF(data!G89="","",data!G89) | G93: =IF(data!H89="","",data!H89) -> 45809 | H93: =IF(data!I89="","",data!I89) | I93: =IF(data!J89="","",data!J89) -> 46654 | J93: 46515 | L93: =IF(data!L89="","",data!L89) -> EP | N93: =IF(data!M89="","",IF(data!M89>=1,data!M89,data!M89*100)) -> 0 | O93: 10 | P93: =IF(data!N89="","",data!N89) -> 5.9 | R93: =IF(data!O89="","",data!O89) -> 5.9 | S93: =IF(data!P89="","",data!P89) -> 44211 | T93: =IF(data!Q89="","",data!Q89) | W93: =IF(data!S89="","",data!S89) -> FALSE
A94: =IF(data!C90="","",data!C90) -> P20233007 | C94: =IF(data!D90="","",data!D90) -> b3297.3 | D94: =IF(data!E90="","",data!E90) -> Replace risers and switchers at Lazelle, Westerville, and Genoa 69 kV stations. Upgrade associated relaying accordingly. | E94: =IF(data!F90="","",data!F90) -> TO Criteria Violation | F94: =IF(data!G90="","",data!G90) | G94: =IF(data!H90="","",data!H90) -> 45809 | H94: =IF(data!I90="","",data!I90) | I94: =IF(data!J90="","",data!J90) -> 46654 | J94: 46225 | L94: =IF(data!L90="","",data!L90) -> EP | N94: =IF(data!M90="","",IF(data!M90>=1,data!M90,data!M90*100)) -> 0 | O94: 10 | P94: =IF(data!N90="","",data!N90) -> 1.9 | R94: =IF(data!O90="","",data!O90) -> 1.9 | S94: =IF(data!P90="","",data!P90) -> 44211 | T94: =IF(data!Q90="","",data!Q90) -> PM Andrew Nardella/Planner Hunter Hutchison | W94: =IF(data!S90="","",data!S90) -> FALSE
A95: =IF(data!C91="","",data!C91) -> P21600005 | C95: =IF(data!D91="","",data!D91) -> b3298 | D95: =IF(data!E91="","",data!E91) -> Rebuild 0.8 miles of double circuit 69 kV line between South Toronto and West Toronto. Replace 219 kcmil ACSR with 556 ACSR. | E95: =IF(data!F91="","",data!F91) -> TO Criteria Violation | F95: =IF(data!G91="","",data!G91) | G95: =IF(data!H91="","",data!H91) -> 45809 | H95: =IF(data!I91="","",data!I91) | I95: =IF(data!J91="","",data!J91) -> 46181 | J95: 46853 | L95: =IF(data!L91="","",data!L91) -> EP | N95: =IF(data!M91="","",IF(data!M91>=1,data!M91,data!M91*100)) -> 0 | O95: 10 | P95: =IF(data!N91="","",data!N91) -> 2.83 | R95: =IF(data!O91="","",data!O91) -> 2.83 | S95: =IF(data!P91="","",data!P91) -> 44244 | T95: =IF(data!Q91="","",data!Q91) -> PM Jared Grzeskowiak/Planner Christian Mitchell-Flores | W95: =IF(data!S91="","",data!S91) -> FALSE
A96: =IF(data!C92="","",data!C92) -> P22734002 | C96: =IF(data!D92="","",data!D92) -> b3298.1 | D96: =IF(data!E92="","",data!E92) -> Replace the 69 kV breaker D at South Toronto station with 40 kA breaker. | E96: =IF(data!F92="","",data!F92) -> TO Criteria Violation | F96: =IF(data!G92="","",data!G92) | G96: =IF(data!H92="","",data!H92) -> 45809 | H96: =IF(data!I92="","",data!I92) | I96: =IF(data!J92="","",data!J92) -> 45993 | J96: 46161 | L96: =IF(data!L92="","",data!L92) -> EP | N96: =IF(data!M92="","",IF(data!M92>=1,data!M92,data!M92*100)) -> 0 | O96: 10 | P96: =IF(data!N92="","",data!N92) -> 0.7 | R96: =IF(data!O92="","",data!O92) -> 0.7 | S96: =IF(data!P92="","",data!P92) -> 44244 | T96: =IF(data!Q92="","",data!Q92) -> PM Jared Grzeskowiak/Planner Christian Mitchell-Flores | W96: =IF(data!S92="","",data!S92) -> FALSE
A97: =IF(data!C93="","",data!C93) -> P18221001 | C97: =IF(data!D93="","",data!D93) -> b3307 | D97: =IF(data!E93="","",data!E93) -> Rebuild Fleming station in the clear; Replace 138/69kV Fleming Transformer #1 with 138/69 kV 130 MVA transformer with high side 138 kV CB; Install a 5 breaker 69 kV ring bus on the low side of the transformer, replace 69 kV circuit switcher AA, replace 69/12kV transformer #3 with 69/12 kV 30 MVA transformer, replace 12 kV CB A and D. Retire existing Fleming substation. | E97: =IF(data!F93="","",data!F93) -> TO Criteria Violation | F97: =IF(data!G93="","",data!G93) | G97: =IF(data!H93="","",data!H93) -> 45992 | H97: =IF(data!I93="","",data!I93) | I97: =IF(data!J93="","",data!J93) -> 45992 | J97: 45982 | L97: =IF(data!L93="","",data!L93) -> UC | N97: =IF(data!M93="","",IF(data!M93>=1,data!M93,data!M93*100)) -> 50 | O97: 75 | P97: =IF(data!N93="","",data!N93) -> 21.1 | R97: =IF(data!O93="","",data!O93) -> 21.1 | S97: =IF(data!P93="","",data!P93) -> 44211 | T97: =IF(data!Q93="","",data!Q93) -> PM Wayne Cooper/Planner Michael Hassay | W97: =IF(data!S93="","",data!S93) -> FALSE
A98: =IF(data!C94="","",data!C94) -> P21600001 | C98: =IF(data!D94="","",data!D94) -> b3308 | D98: =IF(data!E94="","",data!E94) -> Reconductor and rebuild 1 span of T-line on the Fort Steuben-Sunset Blvd 69 kV branch with 556 ACSR. | E98: =IF(data!F94="","",data!F94) -> TO Criteria Violation | F98: =IF(data!G94="","",data!G94) | G98: =IF(data!H94="","",data!H94) -> 45809 | H98: =IF(data!I94="","",data!I94) | I98: =IF(data!J94="","",data!J94) -> 45809 | J98: 46853 | L98: =IF(data!L94="","",data!L94) -> EP | N98: =IF(data!M94="","",IF(data!M94>=1,data!M94,data!M94*100)) -> 0 | O98: 10 | P98: =IF(data!N94="","",data!N94) -> 0.73 | R98: =IF(data!O94="","",data!O94) -> 0.73 | S98: =IF(data!P94="","",data!P94) -> 44211 | T98: =IF(data!Q94="","",data!Q94) -> PM Cole Fehrman/Planner Christian Mitchell-Flores | W98: =IF(data!S94="","",data!S94) -> FALSE
A99: =IF(data!C95="","",data!C95) -> P20010021 | C99: =IF(data!D95="","",data!D95) -> b3309 | D99: =IF(data!E95="","",data!E95) -> Rebuild 1.75 miles of the Greenlawn - East Tiffin line section of the Carrothers - Greenlawn 69 kV circuit containing 133 ACSR conductor with 556 ACSR conductor. Upgrade relaying as required. | E99: =IF(data!F95="","",data!F95) -> TO Criteria Violation | F99: =IF(data!G95="","",data!G95) | G99: =IF(data!H95="","",data!H95) -> 45809 | H99: =IF(data!I95="","",data!I95) | I99: =IF(data!J95="","",data!J95) -> 47198 | L99: =IF(data!L95="","",data!L95) -> EP | N99: =IF(data!M95="","",IF(data!M95>=1,data!M95,data!M95*100)) -> 15 | O99: 50 | P99: =IF(data!N95="","",data!N95) -> 3.45 | R99: =IF(data!O95="","",data!O95) -> 3.45 | S99: =IF(data!P95="","",data!P95) -> 44211 | T99: =IF(data!Q95="","",data!Q95) -> PM Benjamin Gilsdorf/Planner Hunter Hutchison | W99: =IF(data!S95="","",data!S95) -> FALSE
A100: =IF(data!C96="","",data!C96) -> P21033004 | C100: =IF(data!D96="","",data!D96) -> b3310.1 | D100: =IF(data!E96="","",data!E96) -> Rebuild 10.5 miles of the Howard-Willard 69 kV line utilizing 556 ACSR conductor. | E100: =IF(data!F96="","",data!F96) -> TO Criteria Violation | F100: =IF(data!G96="","",data!G96) | G100: =IF(data!H96="","",data!H96) -> 45809 | H100: =IF(data!I96="","",data!I96) | I100: =IF(data!J96="","",data!J96) -> 45807 | K100: 45807 | L100: =IF(data!L96="","",data!L96) -> UC | M100: IS | N100: =IF(data!M96="","",IF(data!M96>=1,data!M96,data!M96*100)) -> 50 | O100: 100 | P100: =IF(data!N96="","",data!N96) -> 19 | R100: =IF(data!O96="","",data!O96) -> 19 | S100: =IF(data!P96="","",data!P96) -> 44244 | T100: =IF(data!Q96="","",data!Q96) -> PM Danielle Hilliard/Planner Jason Lee | W100: =IF(data!S96="","",data!S96) -> FALSE
A101: =IF(data!C97="","",data!C97) -> P21033014 | C101: =IF(data!D97="","",data!D97) -> b3310.2 | D101: =IF(data!E97="","",data!E97) -> Upgrade relaying at Howard 69 kV station. | E101: =IF(data!F97="","",data!F97) -> TO Criteria Violation | F101: =IF(data!G97="","",data!G97) | G101: =IF(data!H97="","",data!H97) -> 45809 | H101: =IF(data!I97="","",data!I97) | I101: =IF(data!J97="","",data!J97) -> 45961 | K101: 45813 | L101: =IF(data!L97="","",data!L97) -> EP | M101: IS | N101: =IF(data!M97="","",IF(data!M97>=1,data!M97,data!M97*100)) -> 15 | O101: 100 | P101: =IF(data!N97="","",data!N97) -> 0.23 | R101: =IF(data!O97="","",data!O97) -> 0.23 | S101: =IF(data!P97="","",data!P97) -> 44244 | T101: =IF(data!Q97="","",data!Q97) -> PM Danielle Hilliard/Planner Jason Lee | W101: =IF(data!S97="","",data!S97) -> FALSE
A102: =IF(data!C98="","",data!C98) -> P20889008 | C102: =IF(data!D98="","",data!D98) -> b3312 | D102: =IF(data!E98="","",data!E98) -> Rebuild approximately 4.0 miles of existing 69 kV line between West Mount Vernon and Mount Vernon stations. Replace the existing 138/69 kV transformer at West Mount Vernon with a larger 90 MVA unit along with existing 69 kV breaker 'C'. | E102: =IF(data!F98="","",data!F98) -> TO Criteria Violation | F102: =IF(data!G98="","",data!G98) | G102: =IF(data!H98="","",data!H98) -> 45809 | H102: =IF(data!I98="","",data!I98) | I102: =IF(data!J98="","",data!J98) -> 45809 | J102: 46043 | L102: =IF(data!L98="","",data!L98) -> EP | M102: UC | N102: =IF(data!M98="","",IF(data!M98>=1,data!M98,data!M98*100)) -> 15 | O102: 75 | P102: =IF(data!N98="","",data!N98) -> 12.93 | R102: =IF(data!O98="","",data!O98) -> 12.926 | S102: =IF(data!P98="","",data!P98) -> 44202 | T102: =IF(data!Q98="","",data!Q98) -> PM Adam Clark/Planner Christian Mitchell-Flores | W102: =IF(data!S98="","",data!S98) -> FALSE
A103: =IF(data!C99="","",data!C99) -> P21030010 | C103: =IF(data!D99="","",data!D99) -> b3313 | D103: =IF(data!E99="","",data!E99) -> Add 40 kA circuit breakers on the low and high side of East Lima 138/69 kV Transformer | E103: =IF(data!F99="","",data!F99) -> TO Criteria Violation | F103: =IF(data!G99="","",data!G99) | G103: =IF(data!H99="","",data!H99) -> 45809 | H103: =IF(data!I99="","",data!I99) | I103: =IF(data!J99="","",data!J99) -> 46386 | J103: 46321 | L103: =IF(data!L99="","",data!L99) -> EP | N103: =IF(data!M99="","",IF(data!M99>=1,data!M99,data!M99*100)) -> 15 | O103: 50 | P103: =IF(data!N99="","",data!N99) -> 1.2 | R103: =IF(data!O99="","",data!O99) -> 1.2 | S103: =IF(data!P99="","",data!P99) -> 44274 | T103: =IF(data!Q99="","",data!Q99) -> PM Jon Starr/Planner Hunter Hutchison | W103: =IF(data!S99="","",data!S99) -> FALSE
A104: =IF(data!C100="","",data!C100) -> P19225006 | C104: =IF(data!D100="","",data!D100) -> b3314.1 | D104: =IF(data!E100="","",data!E100) -> Install a new 138/69 kV 130 MVA transformer and associated protection at Elliot station. | E104: =IF(data!F100="","",data!F100) -> TO Criteria Violation | F104: =IF(data!G100="","",data!G100) | G104: =IF(data!H100="","",data!H100) -> 45809 | H104: =IF(data!I100="","",data!I100) | I104: =IF(data!J100="","",data!J100) -> 47381 | L104: =IF(data!L100="","",data!L100) -> EP | N104: =IF(data!M100="","",IF(data!M100>=1,data!M100,data!M100*100)) -> 15 | O104: 50 | P104: =IF(data!N100="","",data!N100) -> 3 | R104: =IF(data!O100="","",data!O100) -> 3 | S104: =IF(data!P100="","",data!P100) -> 44274 | T104: =IF(data!Q100="","",data!Q100) -> PM John Wright/Planner Christian Mitchell-Flores | W104: =IF(data!S100="","",data!S100) -> FALSE
A105: =IF(data!C101="","",data!C101) -> P19225022 | C105: =IF(data!D101="","",data!D101) -> b3314.2 | D105: =IF(data!E101="","",data!E101) -> Perform work at Strouds Run station to retire 138/69/13 kV 33.6 MVA transformer #1 and install a dedicated 138/13 KV distribution transformer. | E105: =IF(data!F101="","",data!F101) -> TO Criteria Violation | F105: =IF(data!G101="","",data!G101) | G105: =IF(data!H101="","",data!H101) -> 45809 | H105: =IF(data!I101="","",data!I101) | I105: =IF(data!J101="","",data!J101) -> 47780 | L105: =IF(data!L101="","",data!L101) -> EP | N105: =IF(data!M101="","",IF(data!M101>=1,data!M101,data!M101*100)) -> 15 | O105: 50 | P105: =IF(data!N101="","",data!N101) -> 0 | R105: =IF(data!O101="","",data!O101) -> 0 | S105: =IF(data!P101="","",data!P101) -> 44274 | T105: =IF(data!Q101="","",data!Q101) -> PM John Wright/Planner Christian Mitchell-Flores | W105: =IF(data!S101="","",data!S101) -> FALSE
A106: =IF(data!C102="","",data!C102) -> P19178030 | C106: =IF(data!D102="","",data!D102) -> b3315 | D106: =IF(data!E102="","",data!E102) -> Upgrade Relaying on Mark Center-South Hicksville 69 kV line and replace Mark Center cap bank with a 7.7 MVAR unit. | E106: =IF(data!F102="","",data!F102) -> TO Criteria Violation | F106: =IF(data!G102="","",data!G102) | G106: =IF(data!H102="","",data!H102) -> 45809 | H106: =IF(data!I102="","",data!I102) | I106: =IF(data!J102="","",data!J102) -> 45809 | K106: 45736 | L106: =IF(data!L102="","",data!L102) -> EP | M106: IS | N106: =IF(data!M102="","",IF(data!M102>=1,data!M102,data!M102*100)) -> 0 | O106: 100 | P106: =IF(data!N102="","",data!N102) -> 1.25 | R106: =IF(data!O102="","",data!O102) -> 1.25 | S106: =IF(data!P102="","",data!P102) -> 44274 | T106: =IF(data!Q102="","",data!Q102) -> PM Danille Hilliard/Planner Christian Mitchell-Flores | W106: =IF(data!S102="","",data!S102) -> FALSE
A107: =IF(data!C103="","",data!C103) -> P21751001 | C107: =IF(data!D103="","",data!D103) -> b3337 | D107: =IF(data!E103="","",data!E103) -> Replace the one (1) Hyatt 138 kV breaker “AB1(101N)” with 3000 A, 63 kA interrupting breaker. | E107: =IF(data!F103="","",data!F103) -> Short Circuit | F107: =IF(data!G103="","",data!G103) | G107: =IF(data!H103="","",data!H103) -> 46174 | H107: =IF(data!I103="","",data!I103) | I107: =IF(data!J103="","",data!J103) -> 45800 | J107: 46000 | L107: =IF(data!L103="","",data!L103) -> EP | N107: =IF(data!M103="","",IF(data!M103>=1,data!M103,data!M103*100)) -> 15 | O107: 50 | P107: =IF(data!N103="","",data!N103) -> 0.48 | R107: =IF(data!O103="","",data!O103) -> 0.48 | S107: =IF(data!P103="","",data!P103) -> 44484 | T107: =IF(data!Q103="","",data!Q103) -> PM Melinda Kemplin/Planner Christian Mitchell-Flores | W107: =IF(data!S103="","",data!S103) -> FALSE
A108: =IF(data!C104="","",data!C104) -> P20013001 | C108: =IF(data!D104="","",data!D104) -> b3338 | D108: =IF(data!E104="","",data!E104) -> Replace the two (2) Kenny 138 kV breakers, “102” (SC-3) and “106” (SC-4), each with a 3000 A, 63 kA interrupting breaker. | E108: =IF(data!F104="","",data!F104) -> Short Circuit | F108: =IF(data!G104="","",data!G104) | G108: =IF(data!H104="","",data!H104) -> 46174 | H108: =IF(data!I104="","",data!I104) | I108: =IF(data!J104="","",data!J104) -> 45457 | J108: 46174 | L108: =IF(data!L104="","",data!L104) -> EP | N108: =IF(data!M104="","",IF(data!M104>=1,data!M104,data!M104*100)) -> 0 | O108: 50 | P108: =IF(data!N104="","",data!N104) -> 0.76 | R108: =IF(data!O104="","",data!O104) -> 0.76 | S108: =IF(data!P104="","",data!P104) -> 44474 | T108: =IF(data!Q104="","",data!Q104) | W108: =IF(data!S104="","",data!S104) -> FALSE
A109: =IF(data!C105="","",data!C105) -> P21751002 | C109: =IF(data!D105="","",data!D105) -> b3339 | D109: =IF(data!E105="","",data!E105) -> Replace the one (1) Canal 138 kV breaker “3” with 3000 A, 63 kA breaker. | E109: =IF(data!F105="","",data!F105) -> Short Circuit | F109: =IF(data!G105="","",data!G105) | G109: =IF(data!H105="","",data!H105) -> 46174 | H109: =IF(data!I105="","",data!I105) | I109: =IF(data!J105="","",data!J105) -> 45777 | J109: 45952 | L109: =IF(data!L105="","",data!L105) -> EP | N109: =IF(data!M105="","",IF(data!M105>=1,data!M105,data!M105*100)) -> 15 | O109: 50 | P109: =IF(data!N105="","",data!N105) -> 0.48 | R109: =IF(data!O105="","",data!O105) -> 0.48 | S109: =IF(data!P105="","",data!P105) -> 44484 | T109: =IF(data!Q105="","",data!Q105) | W109: =IF(data!S105="","",data!S105) -> FALSE
A110: =IF(data!C106="","",data!C106) -> P23008001 | C110: =IF(data!D106="","",data!D106) -> b3344.1 | D110: =IF(data!E106="","",data!E106) -> Install two (2) 138 kV circuit breakers in the M and N strings in the breaker-and-a half configuration in West Kingsport station 138 kV yard to allow the Clinch River-Moreland Dr. 138 kV to cut in the West Kingsport station | E110: =IF(data!F106="","",data!F106) -> TO Criteria Violation | F110: =IF(data!G106="","",data!G106) | G110: =IF(data!H106="","",data!H106) -> 46327 | H110: =IF(data!I106="","",data!I106) | I110: =IF(data!J106="","",data!J106) -> 45962 | L110: =IF(data!L106="","",data!L106) -> EP | N110: =IF(data!M106="","",IF(data!M106>=1,data!M106,data!M106*100)) -> 0 | O110: 50 | P110: =IF(data!N106="","",data!N106) -> 1.85 | R110: =IF(data!O106="","",data!O106) -> 1.846 | S110: =IF(data!P106="","",data!P106) -> 44502 | T110: =IF(data!Q106="","",data!Q106) | W110: =IF(data!S106="","",data!S106) -> FALSE
A111: =IF(data!C107="","",data!C107) -> P23008004 | C111: =IF(data!D107="","",data!D107) -> b3344.2 | D111: =IF(data!E107="","",data!E107) -> Upgrade remote end relaying at Riverport 138 kV station due to the line cut in at West Kingsport station | E111: =IF(data!F107="","",data!F107) -> TO Criteria Violation | F111: =IF(data!G107="","",data!G107) | G111: =IF(data!H107="","",data!H107) -> 46327 | H111: =IF(data!I107="","",data!I107) | I111: =IF(data!J107="","",data!J107) -> 46327 | L111: =IF(data!L107="","",data!L107) -> EP | N111: =IF(data!M107="","",IF(data!M107>=1,data!M107,data!M107*100)) -> 15 | O111: 50 | P111: =IF(data!N107="","",data!N107) -> 0.25 | R111: =IF(data!O107="","",data!O107) -> 0.251 | S111: =IF(data!P107="","",data!P107) -> 44502 | T111: =IF(data!Q107="","",data!Q107) | W111: =IF(data!S107="","",data!S107) -> FALSE
A112: =IF(data!C108="","",data!C108) -> P21013019 | C112: =IF(data!D108="","",data!D108) -> b3345.1 | D112: =IF(data!E108="","",data!E108) -> Rebuild ~4.2 miles of overloaded sections of the 69 kV line between Salt Fork Switch and Leatherwood Switch with 556 ACSR. | E112: =IF(data!F108="","",data!F108) -> TO Criteria Violation | F112: =IF(data!G108="","",data!G108) | G112: =IF(data!H108="","",data!H108) -> 46174 | H112: =IF(data!I108="","",data!I108) | I112: =IF(data!J108="","",data!J108) -> 46601 | J112: 46665 | L112: =IF(data!L108="","",data!L108) -> EP | N112: =IF(data!M108="","",IF(data!M108>=1,data!M108,data!M108*100)) -> 0 | O112: 25 | P112: =IF(data!N108="","",data!N108) -> 9.06 | R112: =IF(data!O108="","",data!O108) -> 9.062 | S112: =IF(data!P108="","",data!P108) -> 44502 | T112: =IF(data!Q108="","",data!Q108) | W112: =IF(data!S108="","",data!S108) -> FALSE
A113: =IF(data!C109="","",data!C109) -> P21013024 | C113: =IF(data!D109="","",data!D109) -> b3345.2 | D113: =IF(data!E109="","",data!E109) -> Update relay settings at Broom Road station. | E113: =IF(data!F109="","",data!F109) -> TO Criteria Violation | F113: =IF(data!G109="","",data!G109) | G113: =IF(data!H109="","",data!H109) -> 46174 | H113: =IF(data!I109="","",data!I109) | I113: =IF(data!J109="","",data!J109) -> 46601 | J113: 46665 | L113: =IF(data!L109="","",data!L109) -> EP | N113: =IF(data!M109="","",IF(data!M109>=1,data!M109,data!M109*100)) -> 0 | O113: 25 | P113: =IF(data!N109="","",data!N109) -> 0.04 | R113: =IF(data!O109="","",data!O109) -> 0.039 | S113: =IF(data!P109="","",data!P109) -> 44502 | T113: =IF(data!Q109="","",data!Q109) | W113: =IF(data!S109="","",data!S109) -> FALSE
A114: =IF(data!C110="","",data!C110) -> P21590002, P21590003, P21590004, P21590005, P21590008, P21590009, P21590012, P21590014 | C114: =IF(data!D110="","",data!D110) -> b3346.1 | D114: =IF(data!E110="","",data!E110) -> Rebuild approximately 3.5 miles of overloaded 69 kV line between North Delphos-East Delphos-Elida Road switch. This includes approximately 1.1 miles of double circuit line that makes up a portion of the North Delphos-South Delphos 69 kV line and the North Delphos-East Delphos 69 kV line. Approximately 2.4 miles of single circuit line will also be rebuilt between the double circuit portion to East Delphos station and from East Delphos to Elida Road Switch. | E114: =IF(data!F110="","",data!F110) -> TO Criteria Violation | F114: =IF(data!G110="","",data!G110) | G114: =IF(data!H110="","",data!H110) -> 46174 | H114: =IF(data!I110="","",data!I110) | I114: =IF(data!J110="","",data!J110) -> 46255 | J114: 46314 | L114: =IF(data!L110="","",data!L110) -> EP | N114: =IF(data!M110="","",IF(data!M110>=1,data!M110,data!M110*100)) -> 0 | O114: 25 | P114: =IF(data!N110="","",data!N110) -> 8.43 | R114: =IF(data!O110="","",data!O110) -> 8.434 | S114: =IF(data!P110="","",data!P110) -> 44530 | T114: =IF(data!Q110="","",data!Q110) | W114: =IF(data!S110="","",data!S110) -> FALSE
A115: =IF(data!C111="","",data!C111) -> P21590015, P21590017 | C115: =IF(data!D111="","",data!D111) -> b3346.2 | D115: =IF(data!E111="","",data!E111) -> Replace the line entrance spans at South Delphos to eliminate the overloaded 4/0 Copper and 4/0 ACSR conductor. | E115: =IF(data!F111="","",data!F111) -> TO Criteria Violation | F115: =IF(data!G111="","",data!G111) | G115: =IF(data!H111="","",data!H111) -> 46174 | H115: =IF(data!I111="","",data!I111) | I115: =IF(data!J111="","",data!J111) -> 46497 | J115: 46554 | L115: =IF(data!L111="","",data!L111) -> EP | N115: =IF(data!M111="","",IF(data!M111>=1,data!M111,data!M111*100)) -> 0 | O115: 25 | P115: =IF(data!N111="","",data!N111) -> 0.44 | R115: =IF(data!O111="","",data!O111) -> 0.437 | S115: =IF(data!P111="","",data!P111) -> 44530 | T115: =IF(data!Q111="","",data!Q111) | W115: =IF(data!S111="","",data!S111) -> FALSE
A116: =IF(data!C112="","",data!C112) -> P21737001, P21737010, P21737011, P21737012, P21737013, P21737014 | C116: =IF(data!D112="","",data!D112) -> b3347.1 | D116: =IF(data!E112="","",data!E112) -> Rebuild approximately 20 miles of line between Bancroft and Milton stations with 556 ACSR conductor | E116: =IF(data!F112="","",data!F112) -> TO Criteria Violation | F116: =IF(data!G112="","",data!G112) | G116: =IF(data!H112="","",data!H112) -> 46327 | H116: =IF(data!I112="","",data!I112) | I116: =IF(data!J112="","",data!J112) -> 47344 | J116: 48199 | L116: =IF(data!L112="","",data!L112) -> EP | N116: =IF(data!M112="","",IF(data!M112>=1,data!M112,data!M112*100)) -> 0 | O116: 10 | P116: =IF(data!N112="","",data!N112) -> 56.55 | R116: =IF(data!O112="","",data!O112) -> 56.553 | S116: =IF(data!P112="","",data!P112) -> 44502 | T116: =IF(data!Q112="","",data!Q112) | W116: =IF(data!S112="","",data!S112) -> FALSE
A117: =IF(data!C113="","",data!C113) -> P21737023, A20001419 | C117: =IF(data!D113="","",data!D113) -> b3347.2 | D117: =IF(data!E113="","",data!E113) -> Replace the jumpers around Hurrican switch with 556 ACSR | E117: =IF(data!F113="","",data!F113) -> TO Criteria Violation | F117: =IF(data!G113="","",data!G113) | G117: =IF(data!H113="","",data!H113) -> 46327 | H117: =IF(data!I113="","",data!I113) | I117: =IF(data!J113="","",data!J113) -> 47333 | J117: 47613 | L117: =IF(data!L113="","",data!L113) -> EP | N117: =IF(data!M113="","",IF(data!M113>=1,data!M113,data!M113*100)) -> 0 | O117: 10 | P117: =IF(data!N113="","",data!N113) -> 0.01 | R117: =IF(data!O113="","",data!O113) -> 0.014 | S117: =IF(data!P113="","",data!P113) -> 44502 | T117: =IF(data!Q113="","",data!Q113) | W117: =IF(data!S113="","",data!S113) -> FALSE
A118: =IF(data!C114="","",data!C114) -> P21737024 | C118: =IF(data!D114="","",data!D114) -> b3347.3 | D118: =IF(data!E114="","",data!E114) -> Replace the jumpers around Teays switch with 556 ACSR | E118: =IF(data!F114="","",data!F114) -> TO Criteria Violation | F118: =IF(data!G114="","",data!G114) | G118: =IF(data!H114="","",data!H114) -> 46327 | H118: =IF(data!I114="","",data!I114) | I118: =IF(data!J114="","",data!J114) -> 47333 | J118: 47809 | L118: =IF(data!L114="","",data!L114) -> EP | N118: =IF(data!M114="","",IF(data!M114>=1,data!M114,data!M114*100)) -> 0 | O118: 10 | P118: =IF(data!N114="","",data!N114) -> 0.01 | R118: =IF(data!O114="","",data!O114) -> 0.014 | S118: =IF(data!P114="","",data!P114) -> 44502 | T118: =IF(data!Q114="","",data!Q114) | W118: =IF(data!S114="","",data!S114) -> FALSE
A119: =IF(data!C115="","",data!C115) -> P21737008 | C119: =IF(data!D115="","",data!D115) -> b3347.4 | D119: =IF(data!E115="","",data!E115) -> Winfield Station Relay Settings: Update relay settings to coordinate with remote ends on line rebuild | E119: =IF(data!F115="","",data!F115) -> TO Criteria Violation | F119: =IF(data!G115="","",data!G115) | G119: =IF(data!H115="","",data!H115) -> 46327 | H119: =IF(data!I115="","",data!I115) | I119: =IF(data!J115="","",data!J115) -> 47333 | J119: 48010 | L119: =IF(data!L115="","",data!L115) -> EP | N119: =IF(data!M115="","",IF(data!M115>=1,data!M115,data!M115*100)) -> 0 | O119: 10 | P119: =IF(data!N115="","",data!N115) -> 0.05 | R119: =IF(data!O115="","",data!O115) -> 0.047 | S119: =IF(data!P115="","",data!P115) -> 44502 | T119: =IF(data!Q115="","",data!Q115) | W119: =IF(data!S115="","",data!S115) -> FALSE
A120: =IF(data!C116="","",data!C116) -> P21737009 | C120: =IF(data!D116="","",data!D116) -> b3347.5 | D120: =IF(data!E116="","",data!E116) -> Bancroft Station Relay Settings: Update relay settings to coordinate with remote ends on line rebuild | E120: =IF(data!F116="","",data!F116) -> TO Criteria Violation | F120: =IF(data!G116="","",data!G116) | G120: =IF(data!H116="","",data!H116) -> 46327 | H120: =IF(data!I116="","",data!I116) | I120: =IF(data!J116="","",data!J116) -> 47333 | J120: 48199 | L120: =IF(data!L116="","",data!L116) -> EP | N120: =IF(data!M116="","",IF(data!M116>=1,data!M116,data!M116*100)) -> 0 | O120: 10 | P120: =IF(data!N116="","",data!N116) -> 0.03 | R120: =IF(data!O116="","",data!O116) -> 0.027 | S120: =IF(data!P116="","",data!P116) -> 44502 | T120: =IF(data!Q116="","",data!Q116) | W120: =IF(data!S116="","",data!S116) -> FALSE
A121: =IF(data!C117="","",data!C117) -> P21737004 | C121: =IF(data!D117="","",data!D117) -> b3347.6 | D121: =IF(data!E117="","",data!E117) -> Milton Station Relay Settings: Update relay settings to coordinate with remote ends on line rebuild. | E121: =IF(data!F117="","",data!F117) -> TO Criteria Violation | F121: =IF(data!G117="","",data!G117) | G121: =IF(data!H117="","",data!H117) -> 46327 | H121: =IF(data!I117="","",data!I117) | I121: =IF(data!J117="","",data!J117) -> 46744 | J121: 47471 | L121: =IF(data!L117="","",data!L117) -> EP | N121: =IF(data!M117="","",IF(data!M117>=1,data!M117,data!M117*100)) -> 0 | O121: 10 | P121: =IF(data!N117="","",data!N117) -> 0.03 | R121: =IF(data!O117="","",data!O117) -> 0.027 | S121: =IF(data!P117="","",data!P117) -> 44502 | T121: =IF(data!Q117="","",data!Q117) | W121: =IF(data!S117="","",data!S117) -> FALSE
A122: =IF(data!C118="","",data!C118) -> P21737007 | C122: =IF(data!D118="","",data!D118) -> b3347.7 | D122: =IF(data!E118="","",data!E118) -> Putnam Village Station Relay Settings: Update relay settings to coordinate with remote ends on line rebuild | E122: =IF(data!F118="","",data!F118) -> TO Criteria Violation | F122: =IF(data!G118="","",data!G118) | G122: =IF(data!H118="","",data!H118) -> 46327 | H122: =IF(data!I118="","",data!I118) | I122: =IF(data!J118="","",data!J118) -> 47333 | J122: 48010 | L122: =IF(data!L118="","",data!L118) -> EP | N122: =IF(data!M118="","",IF(data!M118>=1,data!M118,data!M118*100)) -> 0 | O122: 10 | P122: =IF(data!N118="","",data!N118) -> 0.05 | R122: =IF(data!O118="","",data!O118) -> 0.047 | S122: =IF(data!P118="","",data!P118) -> 44502 | T122: =IF(data!Q118="","",data!Q118) | W122: =IF(data!S118="","",data!S118) -> FALSE
A123: =IF(data!C119="","",data!C119) -> P21259011, P21259040 | C123: =IF(data!D119="","",data!D119) -> b3348.1 | D123: =IF(data!E119="","",data!E119) -> Construct a 138 kV single bus station (Tin Branch) consisting of a 138 kV box bay with a distribution transformer and 12 kV distribution bay. Two 138 kV lines will feed this station (from Logan and Sprigg stations), and distribution will have one 12 kV feed. Install two 138 kV circuit breakers on the line exits. Install 138 kV circuit switcher for the new transformer. | E123: =IF(data!F119="","",data!F119) -> TO Criteria Violation | F123: =IF(data!G119="","",data!G119) | G123: =IF(data!H119="","",data!H119) -> 46327 | H123: =IF(data!I119="","",data!I119) | I123: =IF(data!J119="","",data!J119) -> 46335 | J123: 46786 | L123: =IF(data!L119="","",data!L119) -> EP | N123: =IF(data!M119="","",IF(data!M119>=1,data!M119,data!M119*100)) -> 0 | O123: 25 | P123: =IF(data!N119="","",data!N119) -> 5.58 | R123: =IF(data!O119="","",data!O119) -> 5.584 | S123: =IF(data!P119="","",data!P119) -> 44530 | T123: =IF(data!Q119="","",data!Q119) | W123: =IF(data!S119="","",data!S119) -> FALSE
... A128: =IF(data!C124="","",data!C124) -> P21259028, P21259029, P21259030 P21259031 | C128: =IF(data!D124="","",data!D124) -> b3348.6 | D128: =IF(data!E124="","",data!E124) -> Adjust relay settings due to new line terminations and retirements at Logan, Wyoming, Sprigg, Becco and Chauncey stations. | E128: =IF(data!F124="","",data!F124) -> TO Criteria Violation | F128: =IF(data!G124="","",data!G124) | G128: =IF(data!H124="","",data!H124) -> 46327 | H128: =IF(data!I124="","",data!I124) | I128: =IF(data!J124="","",data!J124) -> 46349 | J128: 46796 | L128: =IF(data!L124="","",data!L124) -> EP | N128: =IF(data!M124="","",IF(data!M124>=1,data!M124,data!M124*100)) -> 0 | O128: 25 | P128: =IF(data!N124="","",data!N124) -> 0.23 | R128: =IF(data!O124="","",data!O124) -> 0.233 | S128: =IF(data!P124="","",data!P124) -> 44530 | T128: =IF(data!Q124="","",data!Q124) | W128: =IF(data!S124="","",data!S124) -> FALSE
A129: =IF(data!C125="","",data!C125) -> P21720001 | C129: =IF(data!D125="","",data!D125) -> b3349 | D129: =IF(data!E125="","",data!E125) -> Replace Bellefonte 69 kV risers on the section between Bellefonte TR #3 and 69 kV Bus #2. | E129: =IF(data!F125="","",data!F125) -> TO Criteria Violation | F129: =IF(data!G125="","",data!G125) | G129: =IF(data!H125="","",data!H125) -> 46174 | H129: =IF(data!I125="","",data!I125) | I129: =IF(data!J125="","",data!J125) -> 46174 | J129: 46358 | L129: =IF(data!L125="","",data!L125) -> EP | M129: UC | N129: =IF(data!M125="","",IF(data!M125>=1,data!M125,data!M125*100)) -> 15 | O129: 75 | P129: =IF(data!N125="","",data!N125) -> 0.54 | R129: =IF(data!O125="","",data!O125) -> 0.54 | S129: =IF(data!P125="","",data!P125) -> 44519 | T129: =IF(data!Q125="","",data!Q125) | W129: =IF(data!S125="","",data!S125) -> FALSE
...

Sheet Dropdowns
A1: Status
A3: EP
A4: UC
A5: On Hold
A6: IS

Sheet output
A1: Upgrade ID | B1: TO ID Number | C1: Projected In Service Date | D1: Actual In Service Date | E1: Status | F1: Percent Complete (%) | G1: Cost Estimate ($M) | H1: TO Project Manager | I1: eDart Ticket No | J1: IC Notes
A2: =IF(Upgrades!C6="","",Upgrades!C6) -> b2597 | B2: =IF(Upgrades!B6="","",Upgrades!B6) | C2: =IF(Upgrades!J6="","",Upgrades!J6) -> 46458 | D2: =IF(Upgrades!K6="","",Upgrades!K6) | E2: =IF(Upgrades!M6="","",Upgrades!M6) | F2: =IF(Upgrades!O6="","",(Upgrades!O6)) | G2: =IF(Upgrades!Q6="","",(Upgrades!Q6)) | H2: =IF(Upgrades!U6="","",Upgrades!U6) | I2: =IF(Upgrades!V6="","",Upgrades!V6) | J2: =IF(Upgrades!Y6="","",Upgrades!Y6)
A3: =IF(Upgrades!C7="","",Upgrades!C7) -> b2598 | B3: =IF(Upgrades!B7="","",Upgrades!B7) | C3: =IF(Upgrades!J7="","",Upgrades!J7) | D3: =IF(Upgrades!K7="","",Upgrades!K7) | E3: =IF(Upgrades!M7="","",Upgrades!M7) | F3: =IF(Upgrades!O7="","",(Upgrades!O7)) | G3: =IF(Upgrades!Q7="","",(Upgrades!Q7)) | H3: =IF(Upgrades!U7="","",Upgrades!U7) | I3: =IF(Upgrades!V7="","",Upgrades!V7) | J3: =IF(Upgrades!Y7="","",Upgrades!Y7)
A4: =IF(Upgrades!C8="","",Upgrades!C8) -> b2604.1 | B4: =IF(Upgrades!B8="","",Upgrades!B8) | C4: =IF(Upgrades!J8="","",Upgrades!J8) | D4: =IF(Upgrades!K8="","",Upgrades!K8) | E4: =IF(Upgrades!M8="","",Upgrades!M8) | F4: =IF(Upgrades!O8="","",(Upgrades!O8)) | G4: =IF(Upgrades!Q8="","",(Upgrades!Q8)) | H4: =IF(Upgrades!U8="","",Upgrades!U8) | I4: =IF(Upgrades!V8="","",Upgrades!V8) | J4: =IF(Upgrades!Y8="","",Upgrades!Y8)
A5: =IF(Upgrades!C9="","",Upgrades!C9) -> b2604.2 | B5: =IF(Upgrades!B9="","",Upgrades!B9) | C5: =IF(Upgrades!J9="","",Upgrades!J9) | D5: =IF(Upgrades!K9="","",Upgrades!K9) | E5: =IF(Upgrades!M9="","",Upgrades!M9) | F5: =IF(Upgrades!O9="","",(Upgrades!O9)) -> 50 | G5: =IF(Upgrades!Q9="","",(Upgrades!Q9)) | H5: =IF(Upgrades!U9="","",Upgrades!U9) | I5: =IF(Upgrades!V9="","",Upgrades!V9) | J5: =IF(Upgrades!Y9="","",Upgrades!Y9)
A6: =IF(Upgrades!C10="","",Upgrades!C10) -> b2604.3 | B6: =IF(Upgrades!B10="","",Upgrades!B10) | C6: =IF(Upgrades!J10="","",Upgrades!J10) | D6: =IF(Upgrades!K10="","",Upgrades!K10) | E6: =IF(Upgrades!M10="","",Upgrades!M10) | F6: =IF(Upgrades!O10="","",(Upgrades!O10)) -> 75 | G6: =IF(Upgrades!Q10="","",(Upgrades!Q10)) | H6: =IF(Upgrades!U10="","",Upgrades!U10) | I6: =IF(Upgrades!V10="","",Upgrades!V10) | J6: =IF(Upgrades!Y10="","",Upgrades!Y10)
A7: =IF(Upgrades!C11="","",Upgrades!C11) -> b2604.4 | B7: =IF(Upgrades!B11="","",Upgrades!B11) | C7: =IF(Upgrades!J11="","",Upgrades!J11) | D7: =IF(Upgrades!K11="","",Upgrades!K11) | E7: =IF(Upgrades!M11="","",Upgrades!M11) | F7: =IF(Upgrades!O11="","",(Upgrades!O11)) -> 75 | G7: =IF(Upgrades!Q11="","",(Upgrades!Q11)) | H7: =IF(Upgrades!U11="","",Upgrades!U11) | I7: =IF(Upgrades!V11="","",Upgrades!V11) | J7: =IF(Upgrades!Y11="","",Upgrades!Y11)
A8: =IF(Upgrades!C12="","",Upgrades!C12) -> b2604.5 | B8: =IF(Upgrades!B12="","",Upgrades!B12) | C8: =IF(Upgrades!J12="","",Upgrades!J12) | D8: =IF(Upgrades!K12="","",Upgrades!K12) | E8: =IF(Upgrades!M12="","",Upgrades!M12) | F8: =IF(Upgrades!O12="","",(Upgrades!O12)) -> 50 | G8: =IF(Upgrades!Q12="","",(Upgrades!Q12)) | H8: =IF(Upgrades!U12="","",Upgrades!U12) | I8: =IF(Upgrades!V12="","",Upgrades!V12) | J8: =IF(Upgrades!Y12="","",Upgrades!Y12)
A9: =IF(Upgrades!C13="","",Upgrades!C13) -> b2604.6 | B9: =IF(Upgrades!B13="","",Upgrades!B13) | C9: =IF(Upgrades!J13="","",Upgrades!J13) | D9: =IF(Upgrades!K13="","",Upgrades!K13) | E9: =IF(Upgrades!M13="","",Upgrades!M13) | F9: =IF(Upgrades!O13="","",(Upgrades!O13)) -> 50 | G9: =IF(Upgrades!Q13="","",(Upgrades!Q13)) | H9: =IF(Upgrades!U13="","",Upgrades!U13) | I9: =IF(Upgrades!V13="","",Upgrades!V13) | J9: =IF(Upgrades!Y13="","",Upgrades!Y13)
A10: =IF(Upgrades!C14="","",Upgrades!C14) -> b2604.7 | B10: =IF(Upgrades!B14="","",Upgrades!B14) | C10: =IF(Upgrades!J14="","",Upgrades!J14) | D10: =IF(Upgrades!K14="","",Upgrades!K14) | E10: =IF(Upgrades!M14="","",Upgrades!M14) | F10: =IF(Upgrades!O14="","",(Upgrades!O14)) -> 50 | G10: =IF(Upgrades!Q14="","",(Upgrades!Q14)) | H10: =IF(Upgrades!U14="","",Upgrades!U14) | I10: =IF(Upgrades!V14="","",Upgrades!V14) | J10: =IF(Upgrades!Y14="","",Upgrades!Y14)
A11: =IF(Upgrades!C15="","",Upgrades!C15) -> b2604.8 | B11: =IF(Upgrades!B15="","",Upgrades!B15) | C11: =IF(Upgrades!J15="","",Upgrades!J15) | D11: =IF(Upgrades!K15="","",Upgrades!K15) | E11: =IF(Upgrades!M15="","",Upgrades!M15) | F11: =IF(Upgrades!O15="","",(Upgrades!O15)) -> 50 | G11: =IF(Upgrades!Q15="","",(Upgrades!Q15)) | H11: =IF(Upgrades!U15="","",Upgrades!U15) | I11: =IF(Upgrades!V15="","",Upgrades!V15) | J11: =IF(Upgrades!Y15="","",Upgrades!Y15)
A12: =IF(Upgrades!C16="","",Upgrades!C16) -> b2604.9 | B12: =IF(Upgrades!B16="","",Upgrades!B16) | C12: =IF(Upgrades!J16="","",Upgrades!J16) -> 46906 | D12: =IF(Upgrades!K16="","",Upgrades!K16) | E12: =IF(Upgrades!M16="","",Upgrades!M16) | F12: =IF(Upgrades!O16="","",(Upgrades!O16)) -> 50 | G12: =IF(Upgrades!Q16="","",(Upgrades!Q16)) | H12: =IF(Upgrades!U16="","",Upgrades!U16) | I12: =IF(Upgrades!V16="","",Upgrades!V16) | J12: =IF(Upgrades!Y16="","",Upgrades!Y16)
A13: =IF(Upgrades!C17="","",Upgrades!C17) -> b2604.10 | B13: =IF(Upgrades!B17="","",Upgrades!B17) | C13: =IF(Upgrades!J17="","",Upgrades!J17) -> 46906 | D13: =IF(Upgrades!K17="","",Upgrades!K17) | E13: =IF(Upgrades!M17="","",Upgrades!M17) | F13: =IF(Upgrades!O17="","",(Upgrades!O17)) -> 50 | G13: =IF(Upgrades!Q17="","",(Upgrades!Q17)) | H13: =IF(Upgrades!U17="","",Upgrades!U17) | I13: =IF(Upgrades!V17="","",Upgrades!V17) | J13: =IF(Upgrades!Y17="","",Upgrades!Y17)
... A3000: =IF(Upgrades!C3004="","",Upgrades!C3004) | B3000: =IF(Upgrades!B3004="","",Upgrades!B3004) | C3000: =IF(Upgrades!J3004="","",Upgrades!J3004) | D3000: =IF(Upgrades!K3004="","",Upgrades!K3004) | E3000: =IF(Upgrades!M3004="","",Upgrades!M3004) | F3000: =IF(Upgrades!O3004="","",(Upgrades!O3004)) | G3000: =IF(Upgrades!Q3004="","",(Upgrades!Q3004)) | H3000: =IF(Upgrades!U3004="","",Upgrades!U3004) | I3000: =IF(Upgrades!V3004="","",Upgrades!V3004) | J3000: =IF(Upgrades!Y3004="","",Upgrades!Y3004)

Sheet data
A1: Upgrade Type | B1: Transmission Owner | C1: TO ID Number | D1: Upgrade Id | E1: Description | F1: Driver | G1: Deactivation Study | H1: Required In Service Date | I1: Revised In Service Date | J1: Projected In Service Date | K1: Actual In Service Date | L1: Status | M1: Percent Complete (%) | N1: Cost Estimate ($M) | O1: TEAC Cost ($M) | P1: TEAC Date | Q1: TO Project Manager | R1: eDart Ticket No | S1: Impact Tie Line | T1: Breaker Name | U1: Breaker Before Capacity | V1: Breaker After Capacity | W1: Line Rating Name | X1: Line Rating Before Rating (SN/SE/WN/WE) | Y1: Line Rating After Rating (SN/SE/WN/WE) | Z1: Transformer Name | AA1: Transformer High Before Rating (SN/SE/WN/WE) | AB1: Transformer High After Rating (SN/SE/WN/WE) | AC1: Transformer Low Before Rating (SN/SE/WN/WE) | AD1: Transformer Low After Rating (SN/SE/WN/WE) | AE1: Transformer Tertiary Before Rating (SN/SE/WN/WE) | AF1: Transformer Tertiary After Rating (SN/SE/WN/WE) | AG1: Transmission Line Name | AH1: Transmission Line Before Rating (SN/SE/WN/WE) | AI1: Transmission Line After Rating (SN/SE/WN/WE)
A2: Baseline | B2: AEP | C2: P15082C28 | D2: b2597 | E2: Rebuild approximately 1 mi. section of Dragoon-Virgil Street 34.5 kV line between Dragoon and Dodge Tap switch and replace Dodge switch MOAB to increase thermal capability of Dragoon-Dodge Tap branch | F2: TO Criteria Violation | H2: 43617 | J2: 46374 | L2: EP | M2: 50 | N2: 2.15 | O2: 2.154 | P2: 42011 | Q2: Pm Cliff Vaughn/ Planner Joshua Smith | S2: FALSE
A3: Baseline | B3: AEP | C3: P15082C10, P15082C05, P15082C07 | D3: b2598 | E3: Rebuild approximately 1 mile section of the Kline-Virgil Street 34.5 kV line between Kline and Virgil Street tap. Replace MOAB switches at Beiger, risers at Kline, switches and bus at Virgil Street. | F3: TO Criteria Violation | H3: 43617 | J3: 46220 | L3: EP | M3: 50 | N3: 1.69 | O3: 1.689 | P3: 42011 | Q3: Pm Cliff Vaughn/ Planner Joshua Smith | S3: FALSE
A4: Baseline | B4: AEP | C4: P15095006 | D4: b2604.1 | E4: Remove approximately 11.32 miles of the 69 kV line between Millbrook Park and Franklin Furnace. | F4: TO Criteria Violation | H4: 43617 | J4: 46700 | L4: EP | M4: 50 | N4: 1.13 | O4: 1.13 | P4: 44244 | Q4: PM Oliver Duncan/Planner Christian Mitchell-Flores | S4: FALSE
A5: Baseline | B5: AEP | C5: P15095017 | D5: b2604.2 | E5: At Millbrook Park station, add a new 138/69 kV transformer #2 (90 MVA) with 3000 A 40 kA breakers on the high and low side. Replace the 600 A MOAB Switch and add a 3000 A circuit switcher on the high side of transformer #1. | F5: TO Criteria Violation | H5: 43617 | J5: 46826 | L5: EP | M5: 0 | N5: 3.05 | O5: 3.05 | P5: 44244 | Q5: PM Oliver Duncan/Planner Christian Mitchell-Flores | S5: FALSE
A6: Baseline | B6: AEP | C6: P15095020 | D6: b2604.3 | E6: Replace Sciotoville 69 kV station with a new 138/12 kV in-out station (Cottrell) with 2000A line MOABs facing Millbrook Park and East Wheelersburg 138 kV. | F6: TO Criteria Violation | H6: 43617 | J6: 46667 | L6: EP | M6: 0 | N6: 1.4 | O6: 1.4 | P6: 44244 | Q6: PM Oliver Duncan/Planner Christian Mitchell-Flores | S6: FALSE
A7: Baseline | B7: AEP | C7: P15095022 | D7: b2604.4 | E7: Tie Cottrell switch into the Millbrook Park-East Wheelersburg 138 kV circuit by constructing 0.50 miles of line using 795 ACSR 26/7 Drake (SE 359 MVA). | F7: TO Criteria Violation | H7: 43617 | J7: 46667 | L7: EP | M7: 0 | N7: 1.96 | O7: 1.96 | P7: 44244 | Q7: PM Oliver Duncan/Planner Christian Mitchell-Flores | S7: FALSE
A8: Baseline | B8: AEP | C8: P15095028 | D8: b2604.5 | E8: Install a new 2000 A 3-way POP Switch outside of Texas Eastern 138 kV substation (Sadiq Switch). | F8: TO Criteria Violation | H8: 43617 | J8: 46687 | L8: EP | M8: 0 | N8: 1.08 | O8: 1.08 | P8: 44244 | Q8: PM Oliver Duncan/Planner Christian Mitchell-Flores | S8: FALSE
A9: Baseline | B9: AEP | C9: P15095027 | D9: b2604.6 | E9: Replace the Wheelersburg 69 kV station with a new 138/12 kV in-out station (Sweetgum) with a 3000 A 40 kA breaker facing Sadiq Switch and a 2000 A 138 kV MOAB facing Althea. | F9: TO Criteria Violation | H9: 43617 | J9: 46730 | L9: EP | M9: 0 | N9: 2.16 | O9: 2.16 | P9: 44244 | Q9: PM Oliver Duncan/Planner Christian Mitchell-Flores | S9: FALSE
A10: Baseline | B10: AEP | C10: P15095032 | D10: b2604.7 | E10: Build approximately 1.4 miles of new 138 kV line using 795 ACSR 26/7 Drake (SE 359 MVA) between the new Sadiq Switch and the new Sweetgum 138 kV stations. | F10: TO Criteria Violation | H10: 43617 | J10: 46728 | L10: EP | M10: 0 | N10: 3.41 | O10: 3.41 | P10: 44244 | Q10: PM Oliver Duncan/Planner Christian Mitchell-Flores | S10: FALSE
A11: Baseline | B11: AEP | C11: P15095007 | D11: b2604.8 | E11: Remove the existing 69 kV Hayport Road Switch. | F11: TO Criteria Violation | H11: 43617 | J11: 46700 | L11: EP | M11: 0 | N11: 0.1 | O11: 0.1 | P11: 44244 | Q11: PM Oliver Duncan/Planner Christian Mitchell-Flores | S11: FALSE
A12: Baseline | B12: AEP | C12: P15095015 | D12: b2604.9 | E12: Rebuild approximately 2.3 miles along existing ROW from Sweetgum to the Hayport Rd switch 69 kV location as 138 kV single circuit and rebuild approximately 2.0 miles from the Hayport Road switch to Althea 69 kV with double circuit 138 kV construction, one side operated at 69 kV to continue service to K.O. Wheelersburg, using 795 ACSR 26/7 Drake (SE 359 MVA). | F12: TO Criteria Violation | H12: 43617 | J12: 46700 | L12: EP | M12: 0 | N12: 10.76 | O12: 10.76 | P12: 44244 | Q12: PM Oliver Duncan/Planner Christian Mitchell-Flores | S12: FALSE
A13: Baseline | B13: AEP | C13: P15095015 | D13: b2604.10 | E13: Build a new station (Althea) with a 138/69 kV, 90 MVA transformer. The 138 kV side will have a single 2000 A 40 kA circuit breaker and the 69 kV side will be a 2000 A 40 kA three breaker ring bus. | F13: TO Criteria Violation | H13: 43617 | J13: 46700 | L13: EP | M13: 0 | N13: 11.07 | O13: 11.07 | P13: 44244 | Q13: PM Oliver Duncan/Planner Christian Mitchell-Flores | S13: FALSE
A14: Baseline | B14: AEP | C14: P15095060 | D14: b2604.11 | E14: Remote end work at Hanging Rock, East Wheelersburg and North Haverhill 138 kV. | F14: TO Criteria Violation | H14: 43617 | J14: 46700 | L14: EP | M14: 0 | N14: 0.06 | O14: 0.06 | P14: 44244 | Q14: PM Oliver Duncan/Planner Christian Mitchell-Flores | S14: FALSE
A15: Baseline | B15: AEP | C15: P16108002 | D15: b2753.7 | E15: Retire line sections (Dilles Bottom - Bellaire and Moundsville - Dilles Bottom 69 kV lines) south of First Energy 138 kV line corridor, near “Point A”. Tie George Washington - Moundsville 69 kV circuit to George Washington - West Bellaire 69 kV circuit. | F15: Baseline Load Growth Deliverability & Reliability | H15: 43982 | J15: 46671 | L15: EP | M15: 50 | N15: 5.52 | O15: 5.52 | P15: 42937 | Q15: PM Jon Starr/ Planner Christian Mitchell-Flores | R15: 16329 | S15: TRUE
A16: Baseline | B16: AEP | C16: P24071001 | D16: b2760 | E16: Perform a Sag Study of the Saltville - Tazewell 138 kV line to increase the thermal rating of the line | F16: Baseline Load Growth Deliverability & Reliability | H16: 44348 | J16: 45717 | L16: EP | M16: 5 | N16: 0.1 | O16: 0.1 | P16: 42649 | Q16: PM Blair Burns / Bobby Valerio | S16: FALSE
A17: Baseline | B17: AEP | C17: P21009002 | D17: b2793 | E17: Energize the spare Fremont Center 138/69 kV 130 MVA transformer #3. Reduces overloaded facilities to 46% loading. | F17: TO Criteria Violation | H17: 44348 | J17: 46370 | L17: UC | M17: 26 | N17: 1.3 | O17: 0.081 | P17: 42886 | Q17: PM Colton Caldwell/Brendan Fuller | S17: FALSE
A18: Baseline | B18: AEP | C18: P19004001 | D18: b2938 | E18: Perform a sag mitigations on the Broadford – Wolf Hills 138kV circuit to allow the line to operate to a higher maximum temperature. | F18: Generator Deactivation | G18: BEAVER VALLEY 1|BEAVER VALLEY 2|DAVIS BESSE 1|PERRY 1 | H18: 44713 | I18: 44348 | J18: 46931 | L18: EP | M18: 15 | N18: 2.6 | O18: 2.6 | P18: 43258 | Q18: PM Blair Burns Planner Robert Vaalerio | S18: FALSE
A19: Baseline | B19: AEP | C19: P19269001 | D19: b3037 | E19: Upgrades at the Natrium substation | F19: Baseline Load Growth Deliverability & Reliability | H19: 45078 | J19: 45810 | L19: EP | M19: 15 | N19: 1.1 | O19: 1.1 | P19: 43371 | Q19: PM Wayne Cooper/Planner Christian Mitchell-Flores | S19: FALSE
A20: Baseline | B20: AEP | C20: P21036002 | D20: b3085 | E20: Reconductor Kammer - George Washington 138 kV line (~0.08 miles). Replace the wave trap at Kammer 138 kV. | F20: Generator Deactivation | G20: MANSFIELD 1|MANSFIELD 2|MANSFIELD 3|SAMMIS DIESEL|SAMMIS 6|SAMMIS 7|SAMMIS 5|KIMBERLY CLARK|EASTLAKE 6 | H20: 44713 | I20: 44713 | J20: 45810 | L20: UC | M20: 75 | N20: 0.5 | O20: 0.5 | P20: 44019 | Q20: PM Andrew Garlick/Planner Christian Mitchell-Flores | S20: FALSE
A21: Baseline | B21: AEP | C21: P19052004 | D21: b3150 | E21: Rebuild Ferguson 69/12 kV station in the clear as the 138/12 kV Bear station and connect it to a ~1 mile double circuit 138 kV extension from the Aviation – Ellison Rd 138 kV line to remove the load from the 69 kV line. | F21: TO Criteria Violation | H21: 45444 | J21: 46736 | L21: EP | M21: 25 | N21: 6.4 | O21: 6.4 | P21: 43817 | Q21: PM Katherine Vecchiarelli/Planner Valerie Watros | S21: FALSE
A22: Baseline | B22: AEP | C22: P16024021 | D22: b3151.7 | E22: Install a 69 kV Bobay switch at Woodland Station. | F22: TO Criteria Violation | H22: 45444 | J22: 45918 | L22: UC | M22: 75 | N22: 0.6 | O22: 0.6 | P22: 43817 | Q22: PM Katherine Vecchiarelli/Planner Valerie Watros | S22: FALSE
A23: Baseline | B23: AEP | C23: p16024029 | D23: b3151.8 | E23: Replace Carroll and Churubusco 34.5 kV stations with the 69 kV Snapper station. Snapper will have two (2) line circuit breakers, one (1) bus tie circuit breaker and a 14.4 MVAR cap bank | F23: TO Criteria Violation | H23: 45444 | J23: 45818 | L23: UC | M23: 75 | N23: 8.7 | O23: 8.7 | P23: 43817 | Q23: PM Katherine Vecchiarelli/Planner Valerie Watros | S23: FALSE
A24: Baseline | B24: AEP | C24: P16024031 | D24: b3151.9 | E24: Remove 34.5 kV circuit breaker "AD" at Wallen station. | F24: TO Criteria Violation | H24: 45444 | J24: 45918 | L24: EP | M24: 25 | N24: 0.3 | O24: 0.3 | P24: 43817 | Q24: PM Katherine Vecchiarelli/Planner Valerie Watros | S24: FALSE
A25: Baseline | B25: AEP | C25: P19096013 | D25: b3151.15 | E25: Rebuild the 0.6 mile double circuit section of the Rob Park – South Hicksville / Rob Park – Diebold Road as 69 kV | F25: TO Criteria Violation | H25: 45444 | J25: 46415 | L25: EP | M25: 25 | N25: 1 | O25: 1 | P25: 43817 | Q25: PM Katherine Vecchiarelli/Planner Valerie Watros | S25: FALSE
A26: Baseline | B26: AEP | C26: P19297001 | D26: b3160.1 | E26: Construct a ~2.4 mile double circuit 138 kV extension using 1033 ACSR to connect Lake Head to the 138 kV network. | F26: TO Criteria Violation | H26: 45444 | J26: 45933 | L26: UC | M26: 75 | N26: 6 | O26: 6 | P26: 43847 | Q26: Charles Linkous/ Bobby Valerio | S26: FALSE
A27: Baseline | B27: AEP | C27: A15701239 | D27: b3160.2 | E27: Retire the ~2.5 mile 34.5 kV Niles – Simplicity Tap line. | F27: TO Criteria Violation | H27: 45444 | J27: 46407 | L27: EP | M27: 10 | N27: 1.2 | O27: 1.2 | P27: 43847 | Q27: PM Joseph Scott/Planner Joshua Smith | S27: FALSE
A28: Baseline | B28: AEP | C28: P17078023 | D28: b3160.3 | E28: Retire the ~4.6 mile Lakehead 69 kV Tap | F28: TO Criteria Violation | H28: 45444 | J28: 45985 | L28: EP | M28: 10 | N28: 1.4 | O28: 1.4 | P28: 43847 | Q28: PM Mitchell Rice/Pl;anner Joshua Smith | S28: FALSE
A29: Baseline | B29: AEP | C29: p19297011 | D29: b3160.4 | E29: Build new 138/69 kV drop down station to feed Lakehead with a 138 kV breaker, 138 kV switcher, 138/69 kV transformer and a 138 kV MOAB | F29: TO Criteria Violation | H29: 45444 | J29: 45933 | L29: UC | M29: 50 | N29: 4 | O29: 4 | P29: 43847 | Q29: PM Mitchell Rice/Pl;anner Joshua Smith | S29: FALSE
A30: Baseline | B30: AEP | C30: P19298001 | D30: b3160.5 | E30: Rebuild the ~1.2 mile Buchanan South 69 kV Radial Tap using 795 ACSR | F30: TO Criteria Violation | H30: 45444 | J30: 46757 | L30: EP | M30: 10 | N30: 3 | O30: 3 | P30: 43847 | Q30: PM Mitchell Rice/Pl;anner Joshua Smith | S30: FALSE
A31: Baseline | B31: AEP | C31: P19298001 | D31: b3160.6 | E31: Rebuild the ~8.4 mile 69 kV Pletcher – Buchanan Hydro line as the ~9 mile Pletcher – Buchanan South 69 kV line using 795 ACSR. | F31: TO Criteria Violation | H31: 45444 | J31: 46757 | L31: EP | M31: 10 | N31: 20 | O31: 20 | P31: 43847 | Q31: PM Mitchell Rice/Pl;anner Joshua Smith | S31: FALSE
A32: Baseline | B32: AEP | C32: P19298020 | D32: b3160.7 | E32: Install a PoP switch at Buchanan South station with 2 line Moabs. | F32: TO Criteria Violation | H32: 45444 | J32: 46757 | L32: EP | M32: 10 | N32: 0.6 | O32: 0.6 | P32: 43847 | Q32: PM Mitchell Rice/Pl;anner Joshua Smith | S32: FALSE
... A44: Baseline | B44: AEP | C44: P20896002, P20896006 | D44: b3271 | E44: Install a 138 kV circuit breaker at Fremont station on line towards Fremont Center and install a 9.6 MVAR 69 kV capacitor bank at Bloom Road station. | F44: TO Criteria Violation | H44: 45809 | J44: 45536 | L44: EP | M44: 25 | N44: 1.76 | O44: 1.76 | P44: 44139 | Q44: PM Colton Caldwell/Planner Hunter Hutchison | S44: FALSE
A45: Baseline | B45: AEP | C45: P23024001 | D45: b3272 | E45: Install two 138 kV circuit switchers on the high side of 138/34.5 kV transformers #1 & #2 at Rockhill station. | F45: TO Criteria Violation | H45: 45809 | J45: 45809 | L45: EP | M45: 0 | N45: 1.47 | O45: 1.47 | P45: 44139 | S45: FALSE
A46: Baseline | B46: AEP | C46: P20017004 | D46: b3273.1 | E46: Rebuild and convert the existing 17.6 miles East Leipsic-New Liberty 34.5 kV circuit to 138 kV using 795 ACSR | F46: TO Criteria Violation | H46: 45809 | J46: 46708 | L46: EP | M46: 25 | N46: 31.35 | O46: 31.351 | P46: 44166 | Q46: PM Benjamin Gilsdorf/Planner Jason Lee | S46: FALSE
A47: Baseline | B47: AEP | C47: P20017002 | D47: b3273.2 | E47: Convert the existing 34.5 kV equipment to 138 kV and expanded the existing McComb station to the north and east to allow for new equipment to be installed. Install two new 138 kV box bays to allow for line positions and two new 138/12 kV transformers. | F47: TO Criteria Violation | H47: 45809 | J47: 46420 | L47: EP | M47: 25 | N47: 0.87 | O47: 0.868 | P47: 44166 | Q47: PM Benjamin Gilsdorf/Planner Jason Lee | S47: FALSE
A48: Baseline | B48: AEP | C48: P20017004 | D48: b3273.3 | E48: Expand the existing East Leipsic 138 kV station to the north to allow for another 138 kV line exit to be installed. The new line exit will involve installing a new 138 kV circuit breaker, disconnect switches and new dead end structure along with extending existing 138 kV bus work. | F48: TO Criteria Violation | H48: 45809 | J48: 46708 | L48: EP | M48: 25 | N48: 1.3 | O48: 1.3 | P48: 44166 | Q48: PM Benjamin Gilsdorf/Planner Jason Lee | S48: FALSE
A49: Baseline | B49: AEP | C49: P20017015 | D49: b3273.4 | E49: Add one 138 kV circuit breaker and disconnect switches in order to add an additional line position at New Liberty 138 kV station. Install line relaying potential devices and retire the 34.5 kV breaker F. | F49: TO Criteria Violation | H49: 45809 | J49: 46618 | L49: EP | M49: 25 | N49: 0.9 | O49: 0.899 | P49: 44166 | Q49: PM Benjamin Gilsdorf/Planner Jason Lee | S49: FALSE
A50: Baseline | B50: AEP | C50: P21013015 | D50: b3274 | E50: Rebuild approximately 8.9 miles of 69 kV line between Newcomerstown and Salt Fork Switch with 556 ACSR conductor. | F50: TO Criteria Violation | H50: 45809 | J50: 45809 | L50: EP | M50: 0 | N50: 15.89 | O50: 15.89 | P50: 44166 | S50: FALSE
A51: Baseline | B51: AEP | C51: P21565006 | D51: b3275.1 | E51: Rebuild Kammer Station-Cresaps Switch 69 kV, approximately 0.5 miles. | F51: TO Criteria Violation | H51: 45809 | J51: 45904 | L51: EP | M51: 15 | N51: 0.93 | O51: 0.933 | P51: 44166 | Q51: PM Andrew Garlick/Planner Patrick Hodgson | S51: FALSE
A52: Baseline | B52: AEP | C52: P21565007 | D52: b3275.2 | E52: Rebuild Cresaps Switch-McElroy Station 69 kV, approximately 0.67 miles. | F52: TO Criteria Violation | H52: 45809 | J52: 45904 | L52: EP | M52: 15 | N52: 1.25 | O52: 1.25 | P52: 44166 | Q52: PM Andrew Garlick/Planner Patrick Hodgson | S52: FALSE
A53: Baseline | B53: AEP | C53: P21565009 | D53: b3275.3 | E53: Replace a single span of 4/0 ACSR from Moundsville-Natrium str 93L to Carbon Tap switch 69kV located between Colombia Carbon and Conner Run stations. Remainder of line is 336 ACSR. | F53: TO Criteria Violation | H53: 45809 | J53: 45904 | L53: EP | M53: 15 | N53: 0.01 | O53: 0.012 | P53: 44166 | Q53: PM Andrew Garlick/Planner Patrick Hodgson | S53: FALSE
A54: Baseline | B54: AEP | C54: P21565010 | D54: b3275.4 | E54: Rebuild from Colombia Carbon to Columbia Carbon Tap str 93N 69 kV, approximately 0.72 miles. The remainder of the line between Colombia Carbon Tap structure 93N and Natrium station is 336 ACSR and will remain. | F54: TO Criteria Violation | H54: 45809 | J54: 45904 | L54: EP | M54: 15 | N54: 1.08 | O54: 1.082 | P54: 44166 | Q54: PM Andrew Garlick/Planner Patrick Hodgson | S54: FALSE
A55: Baseline | B55: AEP | C55: P21565001 | D55: b3275.5 | E55: Replace the Cresaps 69 kV 3-Way Phase-Over-Phase Switch and structure with a new 1200 A 3-Way Switch and Steel Pole. | F55: TO Criteria Violation | H55: 45809 | J55: 45904 | L55: EP | M55: 15 | N55: 0.71 | O55: 0.706 | P55: 44166 | Q55: PM Andrew Garlick/Planner Patrick Hodgson | S55: FALSE
A56: Baseline | B56: AEP | C56: P21565004 | D56: b3275.6 | E56: Replace 477 MCM Alum bus and risers at McElroy 69 kV station. | F56: TO Criteria Violation | H56: 45809 | J56: 45904 | L56: EP | M56: 15 | N56: 0.33 | O56: 0.325 | P56: 44166 | Q56: PM Andrew Garlick/Planner Patrick Hodgson | S56: FALSE
A57: Baseline | B57: AEP | C57: P21565008 | D57: b3275.7 | E57: Replace Natrium 138 kV bus existing between CB-BT1 and along the 138 kV Main Bus # 1 dropping to CBH1 from the 500MCM conductors to a 1272 KCM AAC conductor. Replace the dead end clamp and strain insulators. | F57: TO Criteria Violation | H57: 45809 | J57: 45904 | L57: EP | M57: 15 | N57: 0.29 | O57: 0.291 | P57: 44166 | Q57: PM Andrew Garlick/Planner Patrick Hodgson | S57: FALSE
A58: Baseline | B58: AEP | C58: P22062009 | D58: b3276.1 | E58: Rebuild the 2/0 Copper section of the Lancaster-South Lancaster 69 kV line, approximately 2.9 miles of the 3.2 mile total length with 556 ACSR conductor. The remaining section has 336 ACSR conductor. | F58: TO Criteria Violation | H58: 45809 | J58: 46679 | L58: EP | M58: 0 | N58: 5.37 | O58: 5.37 | P58: 44166 | Q58: PM Karmyn Wilford/Planner Christian Mitchell-Flores | S58: FALSE
A59: Baseline | B59: AEP | C59: P22062009 | D59: b3276.2 | E59: Rebuild the 1/0 Copper section of the line between Lancaster Junction and Ralston station 69 kV, approximately 2.3 miles of the 3.1 mile total length. | F59: TO Criteria Violation | H59: 45809 | J59: 45777 | L59: EP | M59: 0 | N59: 4.58 | O59: 4.582 | P59: 44166 | Q59: PM Karmyn Wilford/Planner Christian Mitchell-Flores | S59: FALSE
A60: Baseline | B60: AEP | C60: P20252011 | D60: b3276.3 | E60: Rebuild the 2/0 Copper portion of the line between East Lancaster Tap and Lancaster 69 kV, approximately 0.81 miles. | F60: TO Criteria Violation | H60: 45809 | J60: 46132 | L60: EP | M60: 15 | N60: 1.2 | O60: 1.195 | P60: 44166 | S60: FALSE
A61: Baseline | B61: AEP | C61: P19004009 | D61: b3278.1 | E61: Saltville Station: Replace H.S. MOAB Switches on the high side of the 138/69/34.5 kV T1 with a H.S. Circuit Switcher. | F61: TO Criteria Violation | H61: 45992 | J61: 46779 | L61: On Hold | M61: 0 | N61: 0.72 | O61: 0.72 | P61: 44244 | Q61: PM Blair Burns/Planner Christian Mitchell-Flores | S61: FALSE
A62: Baseline | B62: AEP | C62: P19004015 | D62: b3278.2 | E62: Meadowview Station: Replace existing 138/69/34.5 kV transformer T2 with a new 130 MVA 138/69/13 kV transformer. | F62: TO Criteria Violation | H62: 45992 | J62: 46885 | L62: EP | M62: 0 | N62: 3.14 | O62: 3.14 | P62: 44244 | Q62: PM Blair Burns/Planner Christian Mitchell-Flores | S62: FALSE
A63: Baseline | B63: AEP | C63: P19004009 | D63: b3278.3 | E63: Saltville Station: Install two 138 kV breakers and bus diff protection | F63: TO Criteria Violation | H63: 45992 | J63: 46885 | L63: EP | M63: 0 | N63: 0.36 | O63: 0.36 | P63: 44393 | Q63: PM Blair Burns/Planner Christian Mitchell-Flores | S63: FALSE
A64: Baseline | B64: AEP | C64: P22908005 | D64: b3279 | E64: Install a new 138 kV, 21.6 MVAR cap bank and circuit switcher at Apple Grove Station. | F64: TO Criteria Violation | H64: 45809 | J64: 46478 | L64: EP | M64: 0 | N64: 1 | O64: 1 | P64: 44244 | Q64: PM Blair Burns/Planner Christian Mitchell-Flores | S64: FALSE
A65: Baseline | B65: AEP | C65: P20228001, P20228002 | D65: b3280 | E65: Rebuild the existing Cabin Creek - Kelly Creek 46 kV line (to structure 366-44), approximately 4.4 miles. This section is double circuit with the existing Cabin Creek - London 46 kV line so a double circuit rebuild would be required. | F65: TO Criteria Violation | H65: 45809 | J65: 46351 | L65: EP | M65: 10 | N65: 17.9 | O65: 17.9 | P65: 44211 | Q65: PM Wayne Cooper/Planner Michael Hassay | S65: FALSE
A66: Baseline | B66: AEP | C66: P21753001 | D66: b3281 | E66: Install 138 kV circuit switcher on the 138/69 kV transformer #1 and 138/34.5 kV transformer #2 at Dewey. Install 138 kV 2000 A 40 kA breaker on Stanville line at Dewey 138 kV substation. | F66: TO Criteria Violation | H66: 45992 | J66: 45992 | L66: EP | M66: 15 | N66: 1.4 | O66: 1.4 | P66: 44244 | Q66: PM Jacob Arwood/Joshua Smith | S66: FALSE
A67: Baseline | B67: AEP | C67: P19292001 | D67: b3282.1 | E67: Install a second 138 kV circuit utilizing 795 ACSR conductor on the open position of the existing double circuit towers from East Huntington-North Proctorville. Remove the existing 34.5 kV line from East Huntington-North Chesapeake and rebuild this section to 138 kV served from a new PoP switch off the new East Huntington-North Proctorville 138 kV #2 line. | F67: TO Criteria Violation | H67: 45809 | J67: 46317 | L67: EP | M67: 0 | N67: 7.1 | O67: 7.1 | P67: 44244 | Q67: PM Wayne Cooper/Planner Michael Hassay | S67: FALSE
A68: Baseline | B68: AEP | C68: P19292012 | D68: b3282.2 | E68: Install a 138 kV 40 kA circuit breaker at North Proctorville. | F68: TO Criteria Violation | H68: 45809 | J68: 46317 | L68: EP | M68: 0 | N68: 1.4 | O68: 1.4 | P68: 44244 | Q68: PM Wayne Cooper/Planner Michael Hassay | S68: FALSE
A69: Baseline | B69: AEP | C69: P19292011 | D69: b3282.3 | E69: Install a 138 kV 40 kA circuit breaker at East Huntington. | F69: TO Criteria Violation | H69: 45809 | J69: 46317 | L69: EP | M69: 0 | N69: 1.1 | O69: 1.1 | P69: 44244 | Q69: PM Wayne Cooper/Planner Michael Hassay | S69: FALSE
A70: Baseline | B70: AEP | C70: P19292009 | D70: b3282.4 | E70: Convert the existing 34/12 kV North Chesapeake to a 138/12 kV station. | F70: TO Criteria Violation | H70: 45809 | J70: 46317 | L70: EP | M70: 0 | N70: 0.8 | O70: 0.8 | P70: 44244 | Q70: PM Wayne Cooper/Planner Michael Hassay | S70: FALSE
A71: Baseline | B71: AEP | C71: P19303001 | D71: b3284 | E71: Rebuild ~5.44 miles of 69 kV line from Lock Lane to Point Pleasant. | F71: TO Criteria Violation | H71: 45809 | J71: 46275 | L71: EP | M71: 15 | N71: 13.5 | O71: 13.5 | P71: 44211 | Q71: PM Andrew Garlick/Planner Michael Hassay | S71: FALSE
A72: Baseline | B72: AEP | C72: P18243002 | D72: b3285 | E72: Replace the Meigs 69 kV 4/0 Cu station riser towards Gavin and rebuild the section of the Meigs – Hemlock 69 kV circuit from Meigs to approximately structure #40 (~4 miles) replacing the line conductor 4/0 ACSR with the line conductor size 556.5 ACSR. | F72: TO Criteria Violation | H72: 45809 | J72: 46170 | L72: UC | M72: 50 | N72: 12.14 | O72: 12.14 | P72: 44211 | Q72: PM James Albright/Planner Patrick Hodgson | S72: FALSE
... A84: Baseline | B84: AEP | C84: P15082C15 | D84: b3291 | E84: Replace the Russ St. 34.5 kV Switch | F84: TO Criteria Violation | H84: 45809 | J84: 46318 | L84: EP | M84: 15 | N84: 1.5 | O84: 1.5 | P84: 44211 | Q84: PM Cliff Vaughn/Planner Joshua Smith | S84: FALSE
A85: Baseline | B85: AEP | C85: P18100001 | D85: b3292 | E85: Replace existing 69 kV capacitor bank at Stuart Station with a 17.2 MVAr capacitor bank | F85: TO Criteria Violation | H85: 45992 | J85: 45992 | L85: EP | M85: 0 | N85: 0 | O85: 0 | P85: 44211 | S85: FALSE
A86: Baseline | B86: AEP | C86: P19296005 | D86: b3294 | E86: Replace existing 69 kV disconnect switches for circuit breaker "C" at Walnut Avenue station | F86: TO Criteria Violation | H86: 45809 | J86: 46281 | L86: EP | M86: 0 | N86: 0 | O86: 0 | P86: 44211 | Q86: PM Jonathan Woods/Planner Robert Valerio | S86: FALSE
A87: Baseline | B87: AEP | C87: P19281003, P19281024 | D87: b3296 | E87: Rebuild the overloaded portion of the Concord-Whitaker 34.5 kV line (1.13 miles). Rebuild is double circuit and will utilize 795 ACSR conductor. | F87: TO Criteria Violation | H87: 45809 | J87: 46203 | L87: EP | M87: 0 | N87: 2.8 | O87: 2.8 | P87: 44211 | S87: FALSE
A88: Baseline | B88: AEP | C88: P20233002 | D88: b3297.1 | E88: Rebuild 4.23 miles of 69 kV line between Sawmill and Lazelle station, using 795 ACSR 26/7 conductor. | F88: TO Criteria Violation | H88: 45809 | J88: 46634 | L88: EP | M88: 0 | N88: 12 | O88: 12 | P88: 44211 | Q88: PM Andrew Nardella/Planner Huner Hutchinson | S88: FALSE
A89: Baseline | B89: AEP | C89: P20233006 | D89: b3297.2 | E89: Rebuild 1.94 miles of 69 kV line between Westerville and Genoa stations, using 795 ACSR 26/7 conductor. | F89: TO Criteria Violation | H89: 45809 | J89: 46654 | L89: EP | M89: 0 | N89: 5.9 | O89: 5.9 | P89: 44211 | S89: FALSE
A90: Baseline | B90: AEP | C90: P20233007 | D90: b3297.3 | E90: Replace risers and switchers at Lazelle, Westerville, and Genoa 69 kV stations. Upgrade associated relaying accordingly. | F90: TO Criteria Violation | H90: 45809 | J90: 46654 | L90: EP | M90: 0 | N90: 1.9 | O90: 1.9 | P90: 44211 | Q90: PM Andrew Nardella/Planner Hunter Hutchison | S90: FALSE
A91: Baseline | B91: AEP | C91: P21600005 | D91: b3298 | E91: Rebuild 0.8 miles of double circuit 69 kV line between South Toronto and West Toronto. Replace 219 kcmil ACSR with 556 ACSR. | F91: TO Criteria Violation | H91: 45809 | J91: 46181 | L91: EP | M91: 0 | N91: 2.83 | O91: 2.83 | P91: 44244 | Q91: PM Jared Grzeskowiak/Planner Christian Mitchell-Flores | S91: FALSE
A92: Baseline | B92: AEP | C92: P22734002 | D92: b3298.1 | E92: Replace the 69 kV breaker D at South Toronto station with 40 kA breaker. | F92: TO Criteria Violation | H92: 45809 | J92: 45993 | L92: EP | M92: 0 | N92: 0.7 | O92: 0.7 | P92: 44244 | Q92: PM Jared Grzeskowiak/Planner Christian Mitchell-Flores | S92: FALSE
A93: Baseline | B93: AEP | C93: P18221001 | D93: b3307 | E93: Rebuild Fleming station in the clear; Replace 138/69kV Fleming Transformer #1 with 138/69 kV 130 MVA transformer with high side 138 kV CB; Install a 5 breaker 69 kV ring bus on the low side of the transformer, replace 69 kV circuit switcher AA, replace 69/12kV transformer #3 with 69/12 kV 30 MVA transformer, replace 12 kV CB A and D. Retire existing Fleming substation. | F93: TO Criteria Violation | H93: 45992 | J93: 45992 | L93: UC | M93: 50 | N93: 21.1 | O93: 21.1 | P93: 44211 | Q93: PM Wayne Cooper/Planner Michael Hassay | S93: FALSE
A94: Baseline | B94: AEP | C94: P21600001 | D94: b3308 | E94: Reconductor and rebuild 1 span of T-line on the Fort Steuben-Sunset Blvd 69 kV branch with 556 ACSR. | F94: TO Criteria Violation | H94: 45809 | J94: 45809 | L94: EP | M94: 0 | N94: 0.73 | O94: 0.73 | P94: 44211 | Q94: PM Cole Fehrman/Planner Christian Mitchell-Flores | S94: FALSE
A95: Baseline | B95: AEP | C95: P20010021 | D95: b3309 | E95: Rebuild 1.75 miles of the Greenlawn - East Tiffin line section of the Carrothers - Greenlawn 69 kV circuit containing 133 ACSR conductor with 556 ACSR conductor. Upgrade relaying as required. | F95: TO Criteria Violation | H95: 45809 | J95: 47198 | L95: EP | M95: 15 | N95: 3.45 | O95: 3.45 | P95: 44211 | Q95: PM Benjamin Gilsdorf/Planner Hunter Hutchison | S95: FALSE
A96: Baseline | B96: AEP | C96: P21033004 | D96: b3310.1 | E96: Rebuild 10.5 miles of the Howard-Willard 69 kV line utilizing 556 ACSR conductor. | F96: TO Criteria Violation | H96: 45809 | J96: 45807 | L96: UC | M96: 50 | N96: 19 | O96: 19 | P96: 44244 | Q96: PM Danielle Hilliard/Planner Jason Lee | S96: FALSE
A97: Baseline | B97: AEP | C97: P21033014 | D97: b3310.2 | E97: Upgrade relaying at Howard 69 kV station. | F97: TO Criteria Violation | H97: 45809 | J97: 45961 | L97: EP | M97: 15 | N97: 0.23 | O97: 0.23 | P97: 44244 | Q97: PM Danielle Hilliard/Planner Jason Lee | S97: FALSE
A98: Baseline | B98: AEP | C98: P20889008 | D98: b3312 | E98: Rebuild approximately 4.0 miles of existing 69 kV line between West Mount Vernon and Mount Vernon stations. Replace the existing 138/69 kV transformer at West Mount Vernon with a larger 90 MVA unit along with existing 69 kV breaker 'C'. | F98: TO Criteria Violation | H98: 45809 | J98: 45809 | L98: EP | M98: 15 | N98: 12.93 | O98: 12.926 | P98: 44202 | Q98: PM Adam Clark/Planner Christian Mitchell-Flores | S98: FALSE
A99: Baseline | B99: AEP | C99: P21030010 | D99: b3313 | E99: Add 40 kA circuit breakers on the low and high side of East Lima 138/69 kV Transformer | F99: TO Criteria Violation | H99: 45809 | J99: 46386 | L99: EP | M99: 15 | N99: 1.2 | O99: 1.2 | P99: 44274 | Q99: PM Jon Starr/Planner Hunter Hutchison | S99: FALSE
A100: Baseline | B100: AEP | C100: P19225006 | D100: b3314.1 | E100: Install a new 138/69 kV 130 MVA transformer and associated protection at Elliot station. | F100: TO Criteria Violation | H100: 45809 | J100: 47381 | L100: EP | M100: 15 | N100: 3 | O100: 3 | P100: 44274 | Q100: PM John Wright/Planner Christian Mitchell-Flores | S100: FALSE
A101: Baseline | B101: AEP | C101: P19225022 | D101: b3314.2 | E101: Perform work at Strouds Run station to retire 138/69/13 kV 33.6 MVA transformer #1 and install a dedicated 138/13 KV distribution transformer. | F101: TO Criteria Violation | H101: 45809 | J101: 47780 | L101: EP | M101: 15 | N101: 0 | O101: 0 | P101: 44274 | Q101: PM John Wright/Planner Christian Mitchell-Flores | S101: FALSE
... A103: Baseline | B103: AEP | C103: P21751001 | D103: b3337 | E103: Replace the one (1) Hyatt 138 kV breaker “AB1(101N)” with 3000 A, 63 kA interrupting breaker. | F103: Short Circuit | H103: 46174 | J103: 45800 | L103: EP | M103: 15 | N103: 0.48 | O103: 0.48 | P103: 44484 | Q103: PM Melinda Kemplin/Planner Christian Mitchell-Flores | S103: FALSE
A104: Baseline | B104: AEP | C104: P20013001 | D104: b3338 | E104: Replace the two (2) Kenny 138 kV breakers, “102” (SC-3) and “106” (SC-4), each with a 3000 A, 63 kA interrupting breaker. | F104: Short Circuit | H104: 46174 | J104: 45457 | L104: EP | M104: 0 | N104: 0.76 | O104: 0.76 | P104: 44474 | S104: FALSE
A105: Baseline | B105: AEP | C105: P21751002 | D105: b3339 | E105: Replace the one (1) Canal 138 kV breaker “3” with 3000 A, 63 kA breaker. | F105: Short Circuit | H105: 46174 | J105: 45777 | L105: EP | M105: 15 | N105: 0.48 | O105: 0.48 | P105: 44484 | S105: FALSE
A106: Baseline | B106: AEP | C106: P23008001 | D106: b3344.1 | E106: Install two (2) 138 kV circuit breakers in the M and N strings in the breaker-and-a half configuration in West Kingsport station 138 kV yard to allow the Clinch River-Moreland Dr. 138 kV to cut in the West Kingsport station | F106: TO Criteria Violation | H106: 46327 | J106: 45962 | L106: EP | M106: 0 | N106: 1.85 | O106: 1.846 | P106: 44502 | S106: FALSE
A107: Baseline | B107: AEP | C107: P23008004 | D107: b3344.2 | E107: Upgrade remote end relaying at Riverport 138 kV station due to the line cut in at West Kingsport station | F107: TO Criteria Violation | H107: 46327 | J107: 46327 | L107: EP | M107: 15 | N107: 0.25 | O107: 0.251 | P107: 44502 | S107: FALSE
A108: Baseline | B108: AEP | C108: P21013019 | D108: b3345.1 | E108: Rebuild ~4.2 miles of overloaded sections of the 69 kV line between Salt Fork Switch and Leatherwood Switch with 556 ACSR. | F108: TO Criteria Violation | H108: 46174 | J108: 46601 | L108: EP | M108: 0 | N108: 9.06 | O108: 9.062 | P108: 44502 | S108: FALSE
A109: Baseline | B109: AEP | C109: P21013024 | D109: b3345.2 | E109: Update relay settings at Broom Road station. | F109: TO Criteria Violation | H109: 46174 | J109: 46601 | L109: EP | M109: 0 | N109: 0.04 | O109: 0.039 | P109: 44502 | S109: FALSE
A110: Baseline | B110: AEP | C110: P21590002, P21590003, P21590004, P21590005, P21590008, P21590009, P21590012, P21590014 | D110: b3346.1 | E110: Rebuild approximately 3.5 miles of overloaded 69 kV line between North Delphos-East Delphos-Elida Road switch. This includes approximately 1.1 miles of double circuit line that makes up a portion of the North Delphos-South Delphos 69 kV line and the North Delphos-East Delphos 69 kV line. Approximately 2.4 miles of single circuit line will also be rebuilt between the double circuit portion to East Delphos station and from East Delphos to Elida Road Switch. | F110: TO Criteria Violation | H110: 46174 | J110: 46255 | L110: EP | M110: 0 | N110: 8.43 | O110: 8.434 | P110: 44530 | S110: FALSE
A111: Baseline | B111: AEP | C111: P21590015, P21590017 | D111: b3346.2 | E111: Replace the line entrance spans at South Delphos to eliminate the overloaded 4/0 Copper and 4/0 ACSR conductor. | F111: TO Criteria Violation | H111: 46174 | J111: 46497 | L111: EP | M111: 0 | N111: 0.44 | O111: 0.437 | P111: 44530 | S111: FALSE
A112: Baseline | B112: AEP | C112: P21737001, P21737010, P21737011, P21737012, P21737013, P21737014 | D112: b3347.1 | E112: Rebuild approximately 20 miles of line between Bancroft and Milton stations with 556 ACSR conductor | F112: TO Criteria Violation | H112: 46327 | J112: 47344 | L112: EP | M112: 0 | N112: 56.55 | O112: 56.553 | P112: 44502 | S112: FALSE
A113: Baseline | B113: AEP | C113: P21737023, A20001419 | D113: b3347.2 | E113: Replace the jumpers around Hurrican switch with 556 ACSR | F113: TO Criteria Violation | H113: 46327 | J113: 47333 | L113: EP | M113: 0 | N113: 0.01 | O113: 0.014 | P113: 44502 | S113: FALSE
A114: Baseline | B114: AEP | C114: P21737024 | D114: b3347.3 | E114: Replace the jumpers around Teays switch with 556 ACSR | F114: TO Criteria Violation | H114: 46327 | J114: 47333 | L114: EP | M114: 0 | N114: 0.01 | O114: 0.014 | P114: 44502 | S114: FALSE
A115: Baseline | B115: AEP | C115: P21737008 | D115: b3347.4 | E115: Winfield Station Relay Settings: Update relay settings to coordinate with remote ends on line rebuild | F115: TO Criteria Violation | H115: 46327 | J115: 47333 | L115: EP | M115: 0 | N115: 0.05 | O115: 0.047 | P115: 44502 | S115: FALSE
... A137: Baseline | B137: AEP | C137: P21043015 | D137: b3360 | E137: Replace Thelma Transformer #1 with a 138/69/46 kV 130/130/90 MVA transformer and replace 46 kV risers and relaying toward Kenwood substation. Existing TR#1 to be used as spare. | F137: TO Criteria Violation | H137: 46357 | J137: 46737 | L137: EP | M137: 15 | N137: 3.54 | O137: 3.54 | P137: 44519 | S137: FALSE
A138: Baseline | B138: AEP | C138: A20045015 | D138: b3361 | E138: Rebuild Prestonsburg - Thelma 46kV circuit connecting though Kenwood station, approximately 12.7 miles. Retire Jenny Wiley SS and Van Lear SS. | F138: TO Criteria Violation | H138: 46357 | I138: 46737 | J138: 46737 | L138: EP | M138: 0 | N138: 63.6 | O138: 63.6 | P138: 44519 | S138: FALSE
A139: Baseline | B139: AEP | C139: P21773002 | D139: b3362 | E139: Rebuild approximately 3.1 miles of the overloaded conductor on the existing Oertels Corner-North Portsmouth 69 kV line utilizing 556 ACSR. | F139: TO Criteria Violation | H139: 46174 | J139: 46143 | L139: EP | M139: 15 | N139: 8 | O139: 8 | P139: 44519 | S139: FALSE
A140: Baseline | B140: AEP | C140: P23027003 | D140: b3722 | E140: Rebuild the existing Darrah-Barnett 69 kV line, approximately 2.8 miles and replace a riser at Darrah station. | F140: TO Criteria Violation | H140: 46722 | J140: 46722 | L140: EP | M140: 0 | N140: 6.98 | O140: 6.98 | P140: 44848 | S140: FALSE
A141: Baseline | B141: AEP | C141: P21036003 | D141: b3723 | E141: Rebuild the George Washington – Kammer 138 kV circuit, except for 0.1-mile of previously-upgraded T-line outside each terminal station (6.7 miles of total upgrade scope). Remove the existing 6-wired steel lattice towers and supplement the right-of-way as needed. | F141: Baseline Load Growth Deliverability & Reliability | H141: 46539 | J141: 45444 | L141: UC | M141: 50 | N141: 18.3 | O141: 18.3 | P141: 44848 | S141: FALSE
A142: Baseline | B142: AEP | C142: P19296003 | D142: b3724 | E142: Install 138 kV circuit switcher on the high-side of Transformer #2 at Roanoke station (previously proposed as a portion of s2469.7, posted in 2021 AEP local plan). | F142: TO Criteria Violation | H142: 46539 | J142: 45736 | L142: EP | M142: 0 | N142: 0.1 | O142: 0.1 | P142: 44848 | S142: FALSE
A143: Baseline | B143: AEP | C143: P17002006 | D143: b3731 | E143: Replace 40kV breaker J at McComb station with a new 3000A 40kA breaker | F143: TO Criteria Violation | H143: 46539 | J143: 45809 | L143: EP | M143: 0 | N143: 0.5 | O143: 0.5 | P143: 44883 | S143: FALSE
A144: Baseline | B144: AEP | C144: P22797001 | D144: b3732 | E144: Install a 6 MVAR, 34.5kV cap bank at Morgan Run station | F144: TO Criteria Violation | H144: 46539 | J144: 46539 | L144: EP | M144: 15 | N144: 0.37 | O144: 0.37 | P144: 44883 | S144: FALSE
...
